Workbook
Name ContractType: [1]B1_BidderInfo!$C$38

Sheet Pick List
C4: Yes | D4: Automatic | E4: Proposed New Generating Facility | J4: Blackstart PPA | O4: Combustion Turbine (CT)
C5: No | D5: Manual | E5: Generating Facility requesting Surplus Interconnection Service | J5: Build-Transfer Proposal with Black Start capability | O5: Combined Cycle (CC), or CT that is part of Combined Cycle unit
E6: Fast Track Process for Small Generating Facility | J6: Company Proposal with Black Start capability | O6: Hydro
E7: Other | O7: Diesel (RICE) unit
O8: Standalone Storage
O9: Solar + Storage
O10: Wind + Storage
C11: Commercially operable capacity only | F11: Build-Transfer | O11: Other
C12: Commercially operable & Blackstart capacity | F12: Power Purchase Agreement
F13: Company Self-Build (no contract) | J13: 1
J14: 2 | M14: Biomass | P14: Residential
J15: 3 | M15: Gas Thermal | P15: Small Business
C16: Contract Type NOIR | D16: Plant Type | J16: 4 | M16: Geothermal | P16: Large C&I
C17: Build Transfer | D17: Hybrid (>1 Generation Technology) | M17: Hydro | P17: Other
C18: Combination | D18: Non-Hybrid (1 Generation Technology) | M18: Solar PV
C19: Development Transfer | M19: Storage - Battery | R19: Biomass
C20: Existing Facility Sale | I20: Physical Work Test | M20: Storage - Other | R20: Gas Thermal
C21: Power Purchase Agreement | I21: 5% Safe Harbor | M21: Wind | R21: Geothermal
C22: Self Build | M22: Demand Response | R22: Hydro
M23: Other | R23: Solar PV
R24: Wind
R25: Other
C26: Existing Facility - As Is | H26: Physical equipment directly controlled by applicant | M26: Customer Chooses How To Change Load
C27: Existing Facility - Repower | H27: Economic signal sent to customer (incentive or penalty) | M27: Aggregator Chooses How to Change Load
C28: Existing Facility - Equipment Addition | H28: Other
C29: New Facility
C30: Other
H32: Northern Natural Gas | M32: Repower - Replacement or modification of existing generation facility with same generation type
H33: WBI Transmission Co | M33: Replacement of existing facility, but with modified fuel type
H34: Viking Gas Transmission Co | M34: Surplus interconnection at existing facility (new resource added to existing generation facility)
H35: Northern Border Pipeline Co | M35: Continued operation at an existing MISO POI without modification
C37: Central | E37: One-In-Portrait (1P)
C38: String | E38: Two-In-Portrait (2P) | H38: MISO GIA | M38: As-Is
E39: Two-In-Landscape | H39: Grandfathered | M39: Replacing
E40: Other (Describe in Notes) | M40: Combination
M41: No Longer Required
E43: Not a DIR | G43: Northern Natural Gas | J43: New Interconnection
E44: Is a DIR | G44: WBI Transmission Co | J44: Existing Interconnection
G45: Viking Gas Transmission Co | J45: Other (please explain in Notes section further below)
G46: Northern Border Pipeline Co

Sheet Applicant Info and References
B1: Applicant and Project Information
B2: 800 MW Docket
B4: Who Should Complete this Form: This form is intended for all applications to complete. The information below helps categorize each proposal for modeling and evaluation of the attribute matrix approved by the Minnesota PUC on 10/05/2023, and provides information related but not limited to Attributes 1, 4, and 59.
B7: Application Name (from the Cover Letter, Summary, and/or Title Page of the project application)
B8: (from Minn. R. 7849.0200, Subp. 4, Minn. R. 7829.2500, Subp. 2, and/or Minn. R. 0200, Subp. 2)
B10: Does the Application provide more than one cost option?
B11: (if Application provides more than one cost option, please complete the next question)
B12: If the Application includes more than one cost option, please describe which option in the Application corresponds to the modeling inputs presented in this data intake form. Please submit a separate data intake form for each option.
B14: Company Information
B15: Name
B16: Headquarter Address
B17: Organization Type (Corp, LLC, Partnership, etc)
... B48: List the five largest developed and fully operational projects in the United States and/or Canada that are similar to the bid technology
B49: Project Name and Location | C49: Bidder's Role | D49: Size (MW)
B56: Additional Previous Experience - Demand Response
B57: Provide the name of the largest retail market in which applicant has been active.
B59: Which years was the applicant active in this market?
B61: List all wholesale markets in which applicant has been active
B62: Wholesale Market | C62: List the years in which applicant was active | D62: Size (MW)
B69: Project Overview (All Applications)
B70: Name
B71: Facility Category | D71: (select from drop-down)
B72: Description if Facility Category is "Other"
B73: Confirm black start and commercial operable components of proposal | D73: (select from drop-down)
B74: Type of Financial Contract(s) Proposed | D74: (select from drop-down)
B76: Does the project contain multiple resource types/hybrid project (example: solar + battery) | D76: (select from drop-down)
B77: If proposal is a hybrid project, indicate the number of resource types | D77: (select from drop-down)
B78: Commercial Operation Date (COD)
B80: Project Location(s)
B82: City
B83: County
B84: State
B85: Latitude (center of (each) project) | D85: (decimal degrees)
B86: Longitude (center of (each) project) | D86: (decimal degrees)
B89: Acknowledgment - For Build-Transfer and PPA Applications Only
C91: Build-Transfer Applications
C92: Applicant has read the BT Term Sheet applicable to its project type and is aware that the terms in the Company's Term Sheets are nonnegotiable and represent the basis for negotiations of a final PSA should the application be selected by Minnesota PUC.
C95: PPA Applications
C96: Applicant has read the Model PPA applicable to its project type and is aware that the terms in the Company's Model PPA are nonnegotiable and represent the basis for negotiations of a final PPA should the application be selected by Minnesota PUC.
B100: Website Acknowledgment
C101: Applicant understands that the most updated version of this data intake form, and other supplementary materials, are online at https://www.xcelenergy.com/company/rates_and_regulations/filings/nsp_2023_firm_dispatchable.
B103: Additional Materials
C105: Applicant understands that questions about additional attributes and modeling parameters, including but not limited to weather, performance, site control and permitting schedule to support Attribute 4, and cost and fuel parameters, may be asked in addition to this data intake form.
B109: Notes

Sheet GenTech&BOP
B1: Generator, Demand Response, and Balance of Plant Info (Commercially Operable Generation)
B2: ='Applicant Info and References'!B2 -> 800 MW Docket
B4: Who Should Complete this Form: This form is intended for all applications to complete. The information below provides further detail about the commercially-operable portion of each proposal to prepare for the modeling and evaluation of the attribute matrix approved by the Minnesota PUC on 10/05/2023. The form also provides information related but not limited to Attribute 2, 4, 12, 13, 14, 33, 34, 44, 45, 46 and 47 for some or all application types. ADDITIONAL NOTE 1: Information about any black start generating units that are not also commercially operable should be provided on the "Black Start Inputs" form, not this form.
B7: Directions: Report details on each resource type as a different technology type below. For example, for a solar + storage asset, report the solar component as "Tech Type 1" and the storage component as "Tech Type 2".
C10: Tech Type 1 | E10: Tech Type 2 | G10: Tech Type 3 | I10: Tech Type 4
A11: 1 | B11: Generation Technology Type | J11: (select from drop-down)
B12: Additional Description (Gas Thermal & Other)
B13: Primary Fuel Type
B14: Firm Fuel? (Primary) | J14: (select from drop-down)
B15: Secondary Fuel Type
B16: Firm Fuel? (Secondary) | J16: (select from drop-down)
B17: Is unit compatible with hydrogen blend(s)? | J17: (select from drop-down)
B18: For generation with physical locations (not Demand Response):
B19: Gross Nameplate Capacity (MW) - DC for solar/battery
B20: Point of Delivery Net Nameplate Capacity (MW-AC)
B21: Capacity Factor (%)
B22: Storage Duration of Nameplate Capacity (hours)
A24: =A11+1 -> 2 | B24: Collection Sub & Generator Tie-Line
B25: Is this a Demand Response Resource? | J25: (select from drop-down)
B26: (if yes, skip the remainder of Question 2)
B27: Collection Substation Quantity
B28: Main Power Transformer Quantity
B29: MPT Manufacturer
B30: MPT Power Rating (MW) (ONAN/ONAF/ONAF)
B31: MPT Voltage Ratings (kV) (Low/High)
B32: MPT Planned Order Date
B33: MPT Planned Delivery Date
B34: Capacitor Bank Quantity & Total Rating (kVAR)
B35: Utility Providing Retail Service at Collection Substation
B36: Length of Gen-Tie to Point of Interconnect (miles)
B37: Gen-Tie Line Status
B38: Describe MPT procurement plan including existing supply agreements, planned solicitations, procurement schedule, etc:
A41: 3) | B41: Estimated Substantial Completion Date (hybrid proposals only) (e.g., common date of overall project substantial completion since project contains multiple generation types/may contain multiple CODs)
A43: 4) | B43: Estimated Useful Life of Resource at COD (years)
A45: 5) | B45: Demand Response (DR) Summary | C45: DR Type 1 | E45: DR Type 2 | G45: DR Type 3 | I45: DR Type 4
B46: Is this any other resource type besides DR? | J46: (select from drop-down)
B47: (if "Yes", skip the remainder of Question 5)
B48: Customer Sector Targeted | J48: (select from drop-down)
B49: Maximum Controllable Hours Per Year (i.e. maximum hours per year resource is available)
B50: Maximum Number of Control Events Per Year
B51: Maximum Controllable Hours Per Day (i.e., maximum hours in a single day that resource is available)
B52: Source of load capacity: short narrative descripton
B53: Will the applicant have physical control over load capacity via installed hardware or software? | J53: (select from drop-down)
B54: Will the applicant allow participating customers to opt-out of events? | J54: (select from drop-down)
B55: List all seasons (Winter, Summer, Fall, Spring) this resource is available
B56: How quickly is the resource available (minutes)?
B57: How much advance notice does the resource require prior to an event (hours)?
B58: Does any of the capacity come from customer-owned/sited backup generation? | J58: (select from drop-down)
B59: Is program currently deployed in the State of MN? | J59: (select from drop-down)
B60: If deployed, provide total number of customers enrolled as of January 22, 2024
B61: Estimated average load reduction per customer, in terms of % of total customer load, at beginning of desired contract period
B62: If resource is currently deployed in the State of MN, has applicant has verified whether any currently participating customers are also participating in any Xcel Energy Demand Response programs? | J62: (select from drop-down)
B63: If resource is not yet deployed in the State of MN, will the applicant verify whether any new customers enlisting are also participating in any Xcel Energy Demand Response programs? | J63: (select from drop-down)
A65: 6) | B65: Notes

Sheet Black Start Inputs
A1: Black Start Inputs
A2: ='Applicant Info and References'!B2 -> 800 MW Docket
B3: Who Should Complete this Form: This form is optional. It is only intended for applications that optionally choose to propose one or more black start generating units. The information below is the initial step in verification of Attributes 17-31 in the matrix approved by the MPUC on 10/05/2023.
A7: 1) | B7: Black Start Proposal Type
B8: (select from menu) | C8: Note: If "PPA" is selected, please complete question 5) in addition to the rest of your response.
A11: 2) | B11: Black Start Generating Unit 1, Technical Summary
B13: Description
B14: Generation Type (select from menu)
B15: If "Other" Type, please describe
B16: Manufacturer & Model Unit/Type
B17: Is this Unit Currently Registered with MISO as a Blackstart Resource?
B18: Installed Capacity (ICAP) (MW)
B19: Proposed black start MW
B20: For Combined Cycle Units Only: Is Simple Cycle Available?
B21: For Combined Cycle Units Only: Is Steam bypass available?
B22: For Combined Cycle Units Only: Percent of CT output allowed by steam bypass
B23: Primary Fuel Type
B24: Secondary Fuel Type, if applicable
... B32: Emission limitations for operation below minimum (e.g. start-up time to reach air permit compliance)
A35: 2) | B35: Black Start Generating Unit 2, Technical Summary
B37: Description
B38: Generation Type (select from menu)
B39: If "Other" Type, please describe
B40: Manufacturer & Model Unit/Type
B41: Is this Unit Currently Registered with MISO as a Blackstart Resource?
B42: Installed Capacity (ICAP) (MW)
B43: Proposed black start MW
B44: For Combined Cycle Units Only: Is Simple Cycle Available?
B45: For Combined Cycle Units Only: Is Steam bypass available?
B46: For Combined Cycle Units Only: Percent of CT output allowed by steam bypass
B47: Primary Fuel Type
B48: Secondary Fuel Type, if applicable
... B56: Emission limitations for operation below minimum (e.g. start-up time to reach air permit compliance)
A59: 3) | B59: Black Start Generating Unit 3, Technical Summary
B61: Description
B62: Generation Type (select from menu)
B63: If "Other" Type, please describe
B64: Manufacturer & Model Unit/Type
B65: Is this Unit Currently Registered with MISO as a Blackstart Resource?
B66: Installed Capacity (ICAP) (MW)
B67: Proposed black start MW
B68: For Combined Cycle Units Only: Is Simple Cycle Available?
B69: For Combined Cycle Units Only: Is Steam bypass available?
B70: For Combined Cycle Units Only: Percent of CT output allowed by steam bypass
B71: Primary Fuel Type
B72: Secondary Fuel Type, if applicable
... B80: Emission limitations for operation below minimum (e.g. start-up time to reach air permit compliance)
A83: 4) | B83: Black Start Generating Unit 4, Technical Summary
B85: Description
B86: Generation Type (select from menu)
B87: If "Other" Type, please describe
B88: Manufacturer & Model Unit/Type
B89: Is this Unit Currently Registered with MISO as a Blackstart Resource?
B90: Installed Capacity (ICAP) (MW)
B91: Proposed black start MW
B92: For Combined Cycle Units Only: Is Simple Cycle Available?
B93: For Combined Cycle Units Only: Is Steam bypass available?
B94: For Combined Cycle Units Only: Percent of CT output allowed by steam bypass
B95: Primary Fuel Type
B96: Secondary Fuel Type, if applicable
... B104: Emission limitations for operation below minimum (e.g. start-up time to reach air permit compliance)
A107: 5) | B107: Black Start PPAs (To Be Completed by Applicants Proposing a Black Start PPA)
B109: This proposed Black Start PPA is in addition to the PPA for the commercially operable portion of the proposal found on tabs 5-Physical Fuel Pricing and 6-Renew Storage PPA Pricing
B112: Proposed Start Date of Black Start PPA
B113: Proposed End Date of Black Start PPA
B115: Proposed Annual Price ($/year)
B116: Note: Proposed Annual Price remains constant over the proposed PPA term; do not provide an escalation in proposed payment level.

Sheet GenAnnual
B1: Energy Production Profile - Annual
B2: ='Applicant Info and References'!B2 -> 800 MW Docket
B4: Who Should Complete this Form: This form is intended for all applications with physical generation or energy injection facilities (i.e., Generation or Storage systems). Demand Response applications should not complete this form. The information below provides further detail about the commercially-operable portion of each proposal to prepare for the modeling and evaluation of the attribute matrix approved by the Minnesota PUC on 10/05/2023, including but not limited to information related to attributes 6, 7, 11, 14, 36, 37, 38, 40 and 41.
B6: ADDITIONAL NOTE 1: Information about black start generating units that are not also commercially operable should be provided on the "Black Start Inputs" form, not this form.
B7: 30.43 | C7: 16.57 | D7: 16.57 | E7: 16.57 | F7: 16.57
B8: Use the prompts in the orange cells below to complete the applicable annual energy summary for each commercially operable resource type in the proposal.
B11: For Physical Generation Facilities (Wind, Solar, Hydro): The "Expected Generation at POI" columns in question 3) below are to be calculated at the Point of Interconnection for each year of the project's expected life (or for Power Purchase Agreements, each year of the proposed contract term). For Power Purchase Agreements, the MWH reported below must align with the Committed Energy in the proposed contract and will also correspond with the Energy Payment Rate ($/MWH) proposed on the "Renew Storage PPA Pricing" tab. Year 1 of Wind and Solar systems proposed must be set at the estimates provided on the WPower Curve and WResource tabs of this document (for wind) or PVSyst Inputs tab for this document (for solar).
B14: Instructions for the "Table for Storage Systems" below:
B15: Round Trip Efficiency (RTE) is the amount of Battery Energy discharged by the BESS relative to the amount of Charging Energy, measured at the Battery Storage System Electric Metering Device. All proposal types: Power Purchase Agreement (PPA), Build-Transfer, and Company Self-Build, must complete the RTE column.
B16: Storage Systems in Proposals for Company Owned projects (either Build-Transfer or Company Self-Build): Complete both the "With Augmentation" and "Without Augmentation" columns. Sufficient initial overbuild shall be included to maintain capacity at 100% of design for the first 36 months in the Without Augmentation column. In the With Augmentation column, include a recomended augmentation schedule even though the augmentation cost would be the Company's responsibility.
B17: Storage Systems in Proposals for Power Purchase Agreements: Please complete either the "With Augmentation" column or the "Without Augmentation" column to correspond with the planned design for the proposed storage application of your application (both may be completed if both design options are to be offered as separately priced options). Should "Without Augmentation" be chosen, sufficient initial overbuild shall be included to maintain capacity at 100% of design for the first 36 months in the Without Augmentation column. Both columns will align with the pricing options on the Renew Storage PPA Pricing tab and may not exceed 15 years in length. For any hybrid proposals (i.e., solar + storage, wind + storage, etc), the "Expected Generation at POI" MWH provided below for the physical generation component of your application (i.e., wind or solar component) should correspond to the Committed Energy in the proposed the Power Purchase Agreement and the Energy Payment Rate on the "Renew Storage PPA Pricing" tab.
A20: 1 | B20: Max Unit Starts per Year - Physical Fuel Plants (#) | G20: per Unit/CT
A21: 2) | B21: Post COD Generation and Storage Capacity
C23: Tech Type 1 | D23: Tech Type 2 | E23: Tech Type 3 | F23: Tech Type 4
C24: =IF('GenTech&BOP'!C11="","Not Used",'GenTech&BOP'!C11) -> Not Used | D24: =IF('GenTech&BOP'!E11="","Not Used",'GenTech&BOP'!E11) -> Not Used | E24: =IF('GenTech&BOP'!G11="","Not Used",'GenTech&BOP'!G11) -> Not Used | F24: =IF('GenTech&BOP'!I11="","Not Used",'GenTech&BOP'!I11) -> Not Used | G24: Table for Storage Systems Only (see instructions above)
B25: Operational Year | C25: =IF(OR(C$24="Storage - Battery",C$24="Storage - Other"),"Use Storage Table to the Right",IF(C$24="Demand Response","N/A",IF(C$24<>"Gas Thermal","Expected Generation at POI - Include Degradation (MWh)","N/A"))) -> Expected Generation at POI - Include Degradation (MWh) | D25: =IF(OR(D$24="Storage - Battery",D$24="Storage - Other"),"Use Storage Table to the Right",IF(D$24="Demand Response","N/A",IF(D$24<>"Gas Thermal","Expected Generation at POI - Include Degradation (MWh)","N/A"))) -> Expected Generation at POI - Include Degradation (MWh) | E25: =IF(OR(E$24="Storage - Battery",E$24="Storage - Other"),"Use Storage Table to the Right",IF(E$24="Demand Response","N/A",IF(E$24<>"Gas Thermal","Expected Generation at POI - Include Degradation (MWh)","N/A"))) -> Expected Generation at POI - Include Degradation (MWh) | F25: =IF(OR(F$24="Storage - Battery",F$24="Storage - Other"),"Use Storage Table to the Right",IF(F$24="Demand Response","N/A",IF(F$24<>"Gas Thermal","Expected Generation at POI - Include Degradation (MWh)","N/A"))) -> Expected Generation at POI - Include Degradation (MWh) | G25: Storage Capacity at POI - Without Augmentation (MWh) | H25: Storage Capacity at POI - With Augmentation (MWh) | I25: Round Trip Efficiency (%)
B26: 1
B27: =B26+1 -> 2
B28: =B27+1 -> 3
B29: =B28+1 -> 4
B30: =B29+1 -> 5
B31: =B30+1 -> 6
B32: =B31+1 -> 7
B33: =B32+1 -> 8
B34: =B33+1 -> 9
B35: =B34+1 -> 10
B36: =B35+1 -> 11
B37: =B36+1 -> 12
B38: =B37+1 -> 13
... B65: =B64+1 -> 40
A67: 3) | B67: Notes

Sheet D1-PricingOwn_T1
B1: D1 Technology 1 - Build-Transfer and Self-Build Application Pricing (Pre-COD)
B2: ='Applicant Info and References'!B2 -> 800 MW Docket
B3: Who Should Complete this Form: This form is intended for all Build-Transfer and Company Self-Build applications. The information below provides further detail about the commercially-operable portion of each proposal to prepare for the modeling and evaluation of the attribute matrix approved by the Minnesota PUC on 10/05/2023, including but not limited to information related to attributes 36, 37, 38, 40, 41. See the instructions below for further details.
B6: General Directions & Pricing Assumptions
B7: For Hybrid projects (projects involving more than one resource type) a seperate sheet is required for each resource type/technology; however if some costs are not able to be itemized by resource type (i.e., some interconnection costs), provide these costs on the tab for Technology 1 only; do not repeat the same cost in subsequent D1 tabs. If the proposal contains an electrolyzer, all electrolyzer costs must be broken out separately on the the tab D1-PricingOwn_Elec and should not be included on any other D1 tabs.
B8: All dollar amounts should be entered in nominal dollars. Notes should include all pricing assumptions, including federal tax incentives applicable to the proposed project that would transfer upon sale of the asset. Subjects covered in the "Notes" should also be included in the application.
B11: Progress Payments - Payments can be proposed to occur in a periodic or single lump-sum manner, subject to the following constraints: 1) Seller provides sufficient credit support as stipulated in term sheet; 2) No Progress payments will be made prior to achievement of the Firm Date, as defined in the applicable Term Sheet; 3) Progress payments must not exceed 80% of the total purchase price prior to closing. In order for any proposed periodic payments to be incorporated into modeling, both Payment Dates and $ amounts must be included.
B15: Payment Categories in Table 1) below are as follows:
B16: 1) Generation Equipment Related Payments - All project costs up to the collection substation.
B17: 2) Electrical Equipment Related Payments - All project costs from the collection substation to the POI (i.e., Collector sub + step up transformer cost + any gen ties to POI). Note: if some electrical equipment costs are not able to be itemized for a type for a hybrid application, provide these costs on the tab for Technology 1 only; do not repeat the same cost in subsequent D1 tabs.
B19: 3) Transmission Interconnection Related Payments - Known or estimated MISO upgrade/interconnection costs. Note; if some interconnection costs are not able to be itemized by resource type for a hybrid application, provide the interconnection costs on the Tab for Technology 1 only; do not repeat the same cost in subsequent D1 tabs.
B20: 4) Land Purchase Payments - Cost of any purchased land, i.e. O&M building lot. Exclude all leases.
B21: 5) All Other Project-Related Payments - Any other costs to be incurred by Xcel Energy prior to the commercial operation data of the proposed technology. NOTE: If the costs of the gas interconnection are included in the proposal, provide the proposed payments in this column and mention this inclusion in the Notes section below. Do not include gas interconnection costs in the "Generation Equipment Related Payments" or "Electrical Equipment Related Payments" categories.
A23: 1 | B23: Pre-COD Construction & Milestone Payments for Technology 1:
B25: Description | C25: Payment Date (mm/dd/yyyy) | D25: Generation Equipment Related Payments ($) | E25: Electrical Equipment Related Payments ($) | F25: Transmission Interconnection Related Payments ($) | G25: Land Purchase Payments ($) | H25: All Other Project-Related Payments ($) (see instructions above) | I25: Total Payments ($)
I26: =SUM(E26:H26) -> 0
I27: =SUM(E27:H27) -> 0
I28: =SUM(E28:H28) -> 0
I29: =SUM(E29:H29) -> 0
I30: =SUM(E30:H30) -> 0
I31: =SUM(E31:H31) -> 0
I32: =SUM(E32:H32) -> 0
I33: =SUM(E33:H33) -> 0
I34: =SUM(E34:H34) -> 0
I35: =SUM(E35:H35) -> 0
I36: =SUM(E36:H36) -> 0
I37: =SUM(E37:H37) -> 0
... I65: =SUM(E65:H65) -> 0
A67: 2 | B67: Notes to Pricing Assumptions for Technology 1
A71: 3) | B71: Non-ITC/PTC | C71: Describe generally the Non-ITC/PTC tax representation and warranties, and covenants to be provided.
A75: 4) | B75: Special Purpose Vehicle | C75: Is a newly formed special purpose vehicle (SPV) planned to hold the project? If so, state whether a transfer of that SPV is contemplated.
A79: 5) | B79: ITC/PTC questions - Answer these questions for Technology 1 only
B81: Is the Technology 1 as reported on this tab expected to qualify for federal tax credits (Investment Tax Credit (ITC) and/or Production Tax Credit (PTC))?
H82: (select from drop down)
B84: If project is not expected to qualify for tax credits, the rest of the ITC/PTC section may be left blank.
B85: Applicant understands that unless specified otherwise in the Notes to Tax Credits below on this tab, for modeling purposes the Company will interpret start of construction as the date provided on the Construction Milestone tab for Technology 1.
H87: (select from drop down)
B89: Applicant understands that unless specified otherwise in the Notes to Tax Credits below on this tab, for modeling purposes the Company will interpret the placed in service date as the date provided on the Construction Milestone tab for commercial operation for Technology 1.
H91: (select from drop down)
B94: Which beginning of construction criteria will be satisfied for Technology 1, the physical work test or the 5% safe harbor? | H94: (select from drop down)
B97: Repowering | C97: Does the applicant plan to repower the facility? | G97: (select from drop down)
C99: If repowering is planned, describe how applicant will meet the 80/20 test discussed in IRS Notices 2016-31 and 2017-04.
B102: Prevailing Wage & Apprenticeship Requirements:
C103: Confirm how the prevailing wage and apprenticeship requirements will be met in order to receive the full credit.
B106: Tax Credit Adders
C108: Does applicant intend for the project to qualify for the domestic content tax credit adder? | G108: (select from drop down)
C110: If qualification for the domestic content tax credit adder is intended, describe how the domestic content requirements will be met in order to receive the increased credit.
C113: Is the project expected to be in an energy community in order to receive the increased tax credit? | G113: (select from drop down)
C115: If qualification for the energy community adder is expected, describe which energy community criteria will be met.
C118: Is the project expected to be eligible for an allocation for solar projects constructed in low income communities? | G118: (select from drop down)
C120: If the project is expected to be eligible for an allocation for solar projects constructed in low income communities, please describe.
B124: Transfer Date | C124: Confirm the stage of the project at which, and the target date on which, the project is expected to be transferred for federal income tax purposes.
B128: Other Tax Credits or Grants | C128: Confirm whether any other tax credits or grants have been claimed with respect to the project.
B134: Financing | C134: Identify any tax exempt bonds, subsidized energy financings, private activity bonds or other financing be used that may impact the ITC/PTC or depreciation for the project.
A137: 6) | B137: Notes to ITC/PTC Assumptions and Documentation for Technology 1

Sheet D1_T2
B1: D1 Technology 2 - Pricing for Build Transfers and Self-Build Applications
B2: ='Applicant Info and References'!B2 -> 800 MW Docket
B3: Who Should Complete this Form: This form is intended for Build-Transfer and Company Self-Build applications of all types in which more than one resource type/technology is proposed within a single application. The information below provides further detail to prepare for the modeling and evaluation of the attribute matrix approved by the Minnesota PUC on 10/05/2023, including but not limited to information related to attributes 36, 37, 38, 40, 41. See the instructions below for further details.
B6: General Directions & Pricing Assumptions
B7: For Hybrid projects (projects involving more than one resource type) a seperate sheet is required for each resource type/technology; however if some costs are not able to be itemized by resource type (i.e., some interconnection costs), provide these costs on the tab for Technology 1 only; do not repeat the same cost in subsequent D1 tabs. If the proposal contains an electrolyzer, all electrolyzer costs must be broken out separately on the the tab D1-PricingOwn_Elec and should not be included on any other D1 tabs.
B8: All dollar amounts should be entered in nominal dollars. Notes should include all pricing assumptions, including federal tax incentives applicable to the proposed project that would transfer upon sale of the asset. Subjects covered in the "Notes" should also be included in the application.
B11: Progress Payments - Payments can be proposed to occur in a periodic or single lump-sum manner, subject to the following constraints: 1) Seller provides sufficient credit support as stipulated in term sheet; 2) No Progress payments will be made prior to achievement of the Firm Date, as defined in the applicable Term Sheet; 3) Progress payments must not exceed 80% of the total purchase price prior to closing. In order for any proposed periodic payments to be incorporated into modeling, both Payment Dates and $ amounts must be included.
B15: Payment Categories in Table 1) below are as follows:
B16: 1) Generation Equipment Related Payments - All project costs up to the collection substation.
B17: 2) Electrical Equipment Related Payments - All project costs from the collection substation to the POI (i.e., Collector sub + step up transformer cost + any gen ties to POI). Note: if some electrical equipment costs are not able to be itemized for a type for a hybrid application, provide these costs on the tab for Technology 1 only; do not repeat the same cost in subsequent D1 tabs.
B19: 3) Transmission Interconnection Related Payments - Known or estimated MISO upgrade/interconnection costs. Note; if some interconnection costs are not able to be itemized by resource type for a hybrid application, provide the interconnection costs on the Tab for Technology 1 only; do not repeat the same cost in subsequent D1 tabs.
B20: 4) Land Purchase Payments - Cost of any purchased land, i.e. O&M building lot. Exclude all leases.
B21: 5) All Other Project-Related Payments - Any other costs to be incurred by Xcel Energy prior to the commercial operation data of the proposed technology. NOTE: If the costs of the gas interconnection are included in the proposal, provide the proposed payments in this column and mention this inclusion in the Notes section below. Do not include gas interconnection costs in the "Generation Equipment Related Payments" or "Electrical Equipment Related Payments" categories.
A23: 1 | B23: Pre-COD Construction & Milestone Payments for Technology 2:
B24: Description | C24: Payment Date (mm/dd/yyyy) | D24: Generation Equipment Related Payments ($) | E24: Electrical Equipment Related Payments ($) | F24: Transmission Interconnection Related Payments ($) | G24: Land Purchase Payments ($) | H24: All Other Project-Related Payments ($) (see instructions above) | I24: Total Payments ($)
I25: =SUM(D25:H25) -> 0
I26: =SUM(D26:H26) -> 0
I27: =SUM(D27:H27) -> 0
I28: =SUM(D28:H28) -> 0
I29: =SUM(D29:H29) -> 0
I30: =SUM(D30:H30) -> 0
I31: =SUM(D31:H31) -> 0
I32: =SUM(D32:H32) -> 0
I33: =SUM(D33:H33) -> 0
I34: =SUM(D34:H34) -> 0
I35: =SUM(D35:H35) -> 0
I36: =SUM(D36:H36) -> 0
... I64: =SUM(D64:H64) -> 0
A66: =+A23+1 -> 2 | B66: Notes to Pricing Assumptions for Technology 2
A69: 3) | B69: Non-ITC/PTC | C69: Describe generally the Non-ITC/PTC tax representation and warranties, and covenants to be provided.
A73: 4) | B73: Special Purpose Vehicle | C73: Is a newly formed special purpose vehicle (SPV) planned to hold the project? If so, state whether a transfer of that SPV is contemplated.
A77: 5) | B77: ITC/PTC questions - Answer these questions for Technology 1 only
B79: Is the Technology 1 as reported on this tab expected to qualify for federal tax credits (Investment Tax Credit (ITC) and/or Production Tax Credit (PTC))?
H80: (select from drop down)
B82: If project is not expected to qualify for tax credits, the rest of the ITC/PTC section may be left blank.
B83: Applicant understands that unless specified otherwise in the Notes to Tax Credits below on this tab, for modeling purposes the Company will interpret start of construction as the date provided on the Construction Milestone tab for Technology 1.
H85: (select from drop down)
B87: Applicant understands that unless specified otherwise in the Notes to Tax Credits below on this tab, for modeling purposes the Company will interpret the placed in service date as the date provided on the Construction Milestone tab for commercial operation for Technology 1.
H89: (select from drop down)
B92: Which beginning of construction criteria will be satisfied for Technology 1, the physical work test or the 5% safe harbor? | H92: (select from drop down)
B95: Repowering | C95: Does the applicant plan to repower the facility? | G95: (select from drop down)
C97: If repowering is planned, describe how applicant will meet the 80/20 test discussed in IRS Notices 2016-31 and 2017-04.
B100: Prevailing Wage & Apprenticeship Requirements:
C101: Confirm how the prevailing wage and apprenticeship requirements will be met in order to receive the full credit.
B104: Tax Credit Adders
C106: Does applicant intend for the project to qualify for the domestic content tax credit adder? | G106: (select from drop down)
C108: If qualification for the domestic content tax credit adder is intended, describe how the domestic content requirements will be met in order to receive the increased credit.
C111: Is the project expected to be in an energy community in order to receive the increased tax credit? | G111: (select from drop down)
C113: If qualification for the energy community adder is expected, describe which energy community criteria will be met.
C116: Is the project expected to be eligible for an allocation for solar projects constructed in low income communities? | G116: (select from drop down)
C118: If the project is expected to be eligible for an allocation for solar projects constructed in low income communities, please describe.
B122: Transfer Date | C122: Confirm the stage of the project at which, and the target date on which, the project is expected to be transferred for federal income tax purposes.
B126: Other Tax Credits or Grants | C126: Confirm whether any other tax credits or grants have been claimed with respect to the project.
B132: Financing | C132: Identify any tax exempt bonds, subsidized energy financings, private activity bonds or other financing be used that may impact the ITC/PTC or depreciation for the project.
A135: 4) | B135: Notes to ITC/PTC Assumptions and Documentation

Sheet D1_T3
B1: D1 Technology 3 - Pricing for Build Transfers and Self-Build Applications
B2: ='Applicant Info and References'!B2 -> 800 MW Docket
B3: Who Should Complete this Form: This form is intended for Build-Transfer and Company Self-Build applications in which more than two resource types/technologies is proposed within a single application. The information below provides further detail to prepare for the modeling and evaluation of the attribute matrix approved by the Minnesota PUC on 10/05/2023, including but not limited to information related to attributes 36, 37, 38, 40, 41. See the instructions below for further details.
B6: General Directions & Pricing Assumptions
B7: For Hybrid projects (projects involving more than one resource type) a seperate sheet is required for each resource type/technology; however if some costs are not able to be itemized by resource type (i.e., some interconnection costs), provide these costs on the tab for Technology 1 only; do not repeat the same cost in subsequent D1 tabs. If the proposal contains an electrolyzer, all electrolyzer costs must be broken out separately on the the tab D1-PricingOwn_Elec and should not be included on any other D1 tabs.
B8: All dollar amounts should be entered in nominal dollars. Notes should include all pricing assumptions, including federal tax incentives applicable to the proposed project that would transfer upon sale of the asset. Subjects covered in the "Notes" should also be included in the application.
B11: Progress Payments - Payments can be proposed to occur in a periodic or single lump-sum manner, subject to the following constraints: 1) Seller provides sufficient credit support as stipulated in term sheet; 2) No Progress payments will be made prior to achievement of the Firm Date, as defined in the applicable Term Sheet; 3) Progress payments must not exceed 80% of the total purchase price prior to closing. In order for any proposed periodic payments to be incorporated into modeling, both Payment Dates and $ amounts must be included.
B15: Payment Categories in Table 1) below are as follows:
B16: 1) Generation Equipment Related Payments - All project costs up to the collection substation.
B17: 2) Electrical Equipment Related Payments - All project costs from the collection substation to the POI (i.e., Collector sub + step up transformer cost + any gen ties to POI). Note: if some electrical equipment costs are not able to be itemized for a type for a hybrid application, provide these costs on the tab for Technology 1 only; do not repeat the same cost in subsequent D1 tabs.
B19: 3) Transmission Interconnection Related Payments - Known or estimated MISO upgrade/interconnection costs. Note; if some interconnection costs are not able to be itemized by resource type for a hybrid application, provide the interconnection costs on the Tab for Technology 1 only; do not repeat the same cost in subsequent D1 tabs.
B20: 4) Land Purchase Payments - Cost of any purchased land, i.e. O&M building lot. Exclude all leases.
B21: 5) All Other Project-Related Payments - Any other costs to be incurred by Xcel Energy prior to the commercial operation data of the proposed technology. NOTE: If the costs of the gas interconnection are included in the proposal, provide the proposed payments in this column and mention this inclusion in the Notes section below. Do not include gas interconnection costs in the "Generation Equipment Related Payments" or "Electrical Equipment Related Payments" categories.
A23: 1 | B23: Pre-COD Construction & Milestone Payments for Technology 3:
B24: Description | C24: Payment Date (mm/dd/yyyy) | D24: Generation Equipment Related Payments ($) | E24: Electrical Equipment Related Payments ($) | F24: Transmission Interconnection Related Payments ($) | G24: Land Purchase Payments ($) | H24: All Other Project-Related Payments ($) (see instructions above) | I24: Total Payments ($)
I25: =SUM(D25:H25) -> 0
I26: =SUM(D26:H26) -> 0
I27: =SUM(D27:H27) -> 0
I28: =SUM(D28:H28) -> 0
I29: =SUM(D29:H29) -> 0
I30: =SUM(D30:H30) -> 0
I31: =SUM(D31:H31) -> 0
I32: =SUM(D32:H32) -> 0
I33: =SUM(D33:H33) -> 0
I34: =SUM(D34:H34) -> 0
I35: =SUM(D35:H35) -> 0
I36: =SUM(D36:H36) -> 0
... I64: =SUM(D64:H64) -> 0
A66: =+A23+1 -> 2 | B66: Notes for Pricing Assumptions for Technology 3
A69: 3) | B69: Non-ITC/PTC | C69: Describe generally the Non-ITC/PTC tax representation and warranties, and covenants to be provided.
A73: 4) | B73: Special Purpose Vehicle | C73: Is a newly formed special purpose vehicle (SPV) planned to hold the project? If so, state whether a transfer of that SPV is contemplated.
A77: 5) | B77: ITC/PTC questions - Answer these questions for Technology 1 only
B79: Is the Technology 1 as reported on this tab expected to qualify for federal tax credits (Investment Tax Credit (ITC) and/or Production Tax Credit (PTC))?
H80: (select from drop down)
B82: If project is not expected to qualify for tax credits, the rest of the ITC/PTC section may be left blank.
B83: Applicant understands that unless specified otherwise in the Notes to Tax Credits below on this tab, for modeling purposes the Company will interpret start of construction as the date provided on the Construction Milestone tab for Technology 1.
H85: (select from drop down)
B87: Applicant understands that unless specified otherwise in the Notes to Tax Credits below on this tab, for modeling purposes the Company will interpret the placed in service date as the date provided on the Construction Milestone tab for commercial operation for Technology 1.
H89: (select from drop down)
B92: Which beginning of construction criteria will be satisfied for Technology 1, the physical work test or the 5% safe harbor? | H92: (select from drop down)
B95: Repowering | C95: Does the applicant plan to repower the facility? | G95: (select from drop down)
C97: If repowering is planned, describe how applicant will meet the 80/20 test discussed in IRS Notices 2016-31 and 2017-04.
B100: Prevailing Wage & Apprenticeship Requirements:
C101: Confirm how the prevailing wage and apprenticeship requirements will be met in order to receive the full credit.
B104: Tax Credit Adders
C106: Does applicant intend for the project to qualify for the domestic content tax credit adder? | G106: (select from drop down)
C108: If qualification for the domestic content tax credit adder is intended, describe how the domestic content requirements will be met in order to receive the increased credit.
C111: Is the project expected to be in an energy community in order to receive the increased tax credit? | G111: (select from drop down)
C113: If qualification for the energy community adder is expected, describe which energy community criteria will be met.
C116: Is the project expected to be eligible for an allocation for solar projects constructed in low income communities? | G116: (select from drop down)
C118: If the project is expected to be eligible for an allocation for solar projects constructed in low income communities, please describe.
B122: Transfer Date | C122: Confirm the stage of the project at which, and the target date on which, the project is expected to be transferred for federal income tax purposes.
B126: Other Tax Credits or Grants | C126: Confirm whether any other tax credits or grants have been claimed with respect to the project.
B132: Financing | C132: Identify any tax exempt bonds, subsidized energy financings, private activity bonds or other financing be used that may impact the ITC/PTC or depreciation for the project.
A135: 4) | B135: Notes to ITC/PTC Assumptions and Documentation for Technology 3

Sheet D1_T4
B1: D1 Technology 4 - Pricing for Build Transfers and Self-Build Applications
B2: ='Applicant Info and References'!B2 -> 800 MW Docket
B3: Who Should Complete this Form: This form is intended for Build-Transfer and Company Self-Build applications in which more than three resource types/technologies is proposed within a single application. The information below provides further detail to prepare for the modeling and evaluation of the attribute matrix approved by the Minnesota PUC on 10/05/2023, including but not limited to information related to attributes 36, 37, 38, 40, 41. See the instructions below for further details.
B6: General Directions & Pricing Assumptions
B7: For Hybrid projects (projects involving more than one resource type) a seperate sheet is required for each resource type/technology; however if some costs are not able to be itemized by resource type (i.e., some interconnection costs), provide these costs on the tab for Technology 1 only; do not repeat the same cost in subsequent D1 tabs. If the proposal contains an electrolyzer, all electrolyzer costs must be broken out separately on the the tab D1-PricingOwn_Elec and should not be included on any other D1 tabs.
B8: All dollar amounts should be entered in nominal dollars. Notes should include all pricing assumptions, including federal tax incentives applicable to the proposed project that would transfer upon sale of the asset. Subjects covered in the "Notes" should also be included in the application.
B11: Progress Payments - Payments can be proposed to occur in a periodic or single lump-sum manner, subject to the following constraints: 1) Seller provides sufficient credit support as stipulated in term sheet; 2) No Progress payments will be made prior to achievement of the Firm Date, as defined in the applicable Term Sheet; 3) Progress payments must not exceed 80% of the total purchase price prior to closing. In order for any proposed periodic payments to be incorporated into modeling, both Payment Dates and $ amounts must be included.
B15: Payment Categories in Table 1) below are as follows:
B16: 1) Generation Equipment Related Payments - All project costs up to the collection substation.
B17: 2) Electrical Equipment Related Payments - All project costs from the collection substation to the POI (i.e., Collector sub + step up transformer cost + any gen ties to POI). Note: if some electrical equipment costs are not able to be itemized for a type for a hybrid application, provide these costs on the tab for Technology 1 only; do not repeat the same cost in subsequent D1 tabs.
B19: 3) Transmission Interconnection Related Payments - Known or estimated MISO upgrade/interconnection costs. Note; if some interconnection costs are not able to be itemized by resource type for a hybrid application, provide the interconnection costs on the Tab for Technology 1 only; do not repeat the same cost in subsequent D1 tabs.
B20: 4) Land Purchase Payments - Cost of any purchased land, i.e. O&M building lot. Exclude all leases.
B21: 5) All Other Project-Related Payments - Any other costs to be incurred by Xcel Energy prior to the commercial operation data of the proposed technology. NOTE: If the costs of the gas interconnection are included in the proposal, provide the proposed payments in this column and mention this inclusion in the Notes section below. Do not include gas interconnection costs in the "Generation Equipment Related Payments" or "Electrical Equipment Related Payments" categories.
A23: 1 | B23: Pre-COD Construction & Milestone Payments for Technology 4:
B24: Description | C24: Payment Date (mm/dd/yyyy) | D24: Generation Equipment Related Payments ($) | E24: Electrical Equipment Related Payments ($) | F24: Transmission Interconnection Related Payments ($) | G24: Land Purchase Payments ($) | H24: All Other Project-Related Payments ($) (see instructions above) | I24: Total Payments ($)
I25: =SUM(D25:H25) -> 0
I26: =SUM(D26:H26) -> 0
I27: =SUM(D27:H27) -> 0
I28: =SUM(D28:H28) -> 0
I29: =SUM(D29:H29) -> 0
I30: =SUM(D30:H30) -> 0
I31: =SUM(D31:H31) -> 0
I32: =SUM(D32:H32) -> 0
I33: =SUM(D33:H33) -> 0
I34: =SUM(D34:H34) -> 0
I35: =SUM(D35:H35) -> 0
I36: =SUM(D36:H36) -> 0
... I64: =SUM(D64:H64) -> 0
A66: =+A23+1 -> 2 | B66: Notes to Pricing Assumptions for Technology 4
A70: 3) | B70: Non-ITC/PTC | C70: Describe generally the Non-ITC/PTC tax representation and warranties, and covenants to be provided.
A74: 4) | B74: Special Purpose Vehicle | C74: Is a newly formed special purpose vehicle (SPV) planned to hold the project? If so, state whether a transfer of that SPV is contemplated.
A78: 5) | B78: ITC/PTC questions - Answer these questions for Technology 1 only
B80: Is the Technology 1 as reported on this tab expected to qualify for federal tax credits (Investment Tax Credit (ITC) and/or Production Tax Credit (PTC))?
H81: (select from drop down)
B83: If project is not expected to qualify for tax credits, the rest of the ITC/PTC section may be left blank.
B84: Applicant understands that unless specified otherwise in the Notes to Tax Credits below on this tab, for modeling purposes the Company will interpret start of construction as the date provided on the Construction Milestone tab for Technology 1.
H86: (select from drop down)
B88: Applicant understands that unless specified otherwise in the Notes to Tax Credits below on this tab, for modeling purposes the Company will interpret the placed in service date as the date provided on the Construction Milestone tab for commercial operation for Technology 1.
H90: (select from drop down)
B93: Which beginning of construction criteria will be satisfied for Technology 1, the physical work test or the 5% safe harbor? | H93: (select from drop down)
B96: Repowering | C96: Does the applicant plan to repower the facility? | G96: (select from drop down)
C98: If repowering is planned, describe how applicant will meet the 80/20 test discussed in IRS Notices 2016-31 and 2017-04.
B101: Prevailing Wage & Apprenticeship Requirements:
C102: Confirm how the prevailing wage and apprenticeship requirements will be met in order to receive the full credit.
B105: Tax Credit Adders
C107: Does applicant intend for the project to qualify for the domestic content tax credit adder? | G107: (select from drop down)
C109: If qualification for the domestic content tax credit adder is intended, describe how the domestic content requirements will be met in order to receive the increased credit.
C112: Is the project expected to be in an energy community in order to receive the increased tax credit? | G112: (select from drop down)
C114: If qualification for the energy community adder is expected, describe which energy community criteria will be met.
C117: Is the project expected to be eligible for an allocation for solar projects constructed in low income communities? | G117: (select from drop down)
C119: If the project is expected to be eligible for an allocation for solar projects constructed in low income communities, please describe.
B123: Transfer Date | C123: Confirm the stage of the project at which, and the target date on which, the project is expected to be transferred for federal income tax purposes.
B127: Other Tax Credits or Grants | C127: Confirm whether any other tax credits or grants have been claimed with respect to the project.
B133: Financing | C133: Identify any tax exempt bonds, subsidized energy financings, private activity bonds or other financing be used that may impact the ITC/PTC or depreciation for the project.
A136: 4) | B136: Notes to ITC/PTC Assumptions and Documentation for Technology 4

Sheet D1_PricingOwn_Elec
B1: D1 Electrolyzers Only - Pricing for Build Transfers and Self-Build Applications
B2: ='Applicant Info and References'!B2 -> 800 MW Docket
B3: Who Should Complete this Form: This form is intended for Build-Transfer and Company Self-Build applications in which an electrolyzer is proposed as part of the application. The information below provides further detail to prepare for the modeling and evaluation of the attribute matrix approved by the Minnesota PUC on 10/05/2023, including but not limited to information related to attributes 34, 35, 36, 37, 38, 40, and 41. See the instructions below for further details.
B6: General Directions & Pricing Assumptions
B7: For Hybrid projects (projects involving more than one resource type) a seperate sheet is required for each resource type/technology. All pricing is expected to be fully compliant with applicable Technical Requirements and Model Term Sheet for the Purchase and Sale of an operational Project. Pricing that assumes any exceptions must have the exceptions stated in Notes below and in Application Narrative. Payments can be made in a periodic or single lump-sum manner. All dollar amounts should be entered in nominal dollars. Notes should include all pricing assumptions, including federal tax incentives applicable to the proposed project that would transfer upon sale of the asset. Subjects covered should also be included in the application narrative.
B9: Progress Payments - Payments can be proposed to occur in a periodic or single lump-sum manner, subject to the following constraints: 1) Seller provides sufficient credit support as stipulated in term sheet; 2) No Progress payments will be made prior to achievement of the Firm Date, as defined in the applicable Term Sheet; 3) Progress payments must not exceed 80% of the total purchase price prior to closing. In order for any proposed periodic payments to be incorporated into modeling, both Payment Dates and $ amounts must be included.
B13: Payment Categories in Table 1) below are as follows:
B14: 1) Generation Equipment Related Payments - All project costs up to the collection substation.
B15: 2) Electrical Equipment Related Payments - All project costs from the collection substation to the POI (i.e., Collector sub + step up transformer cost + any gen ties to POI + any known or estimated MISO upgrade/interconnection costs). Note: if some electrical equipment or interconnection costs are not able to be itemized by resource type for a hybrid application, provide these costs on the tab for Technology 1 only; do not repeat the same cost in subsequent D1 tabs.
B17: 3) Land Purchase Payments - Cost of any purchased land, i.e. O&M building lot. Exclude all leases.
B18: 4) All Other Project-Related Payments - Any other costs to be incurred by Xcel Energy prior to the commercial operation data of the proposed technology. NOTE: If the costs of the gas interconnection are included in the proposal, provide the proposed payments in this column and mention this inclusion in the Notes section below. Do not include gas interconnection costs in the "Generation Equipment Related Payments" or "Electrical Equipment Related Payments" categories.
A20: 1 | B20: Pre-COD Construction & Milestone Payments for Technology 4: Storage - Other
B21: Description | C21: Payment Date (mm/dd/yyyy) | D21: Generation Equipment Related Payments ($) | E21: Electrical Equipment Related Payments ($) | F21: Land Purchase Payments ($) | G21: All Other Project-Related Payments ($) (see instructions above) | H21: Total Payments ($)
H22: =SUM(D22:G22) -> 0
H23: =SUM(D23:G23) -> 0
H24: =SUM(D24:G24) -> 0
H25: =SUM(D25:G25) -> 0
H26: =SUM(D26:G26) -> 0
H27: =SUM(D27:G27) -> 0
H28: =SUM(D28:G28) -> 0
H29: =SUM(D29:G29) -> 0
H30: =SUM(D30:G30) -> 0
H31: =SUM(D31:G31) -> 0
H32: =SUM(D32:G32) -> 0
H33: =SUM(D33:G33) -> 0
... H61: =SUM(D61:G61) -> 0
A63: =+A20+1 -> 2 | B63: Notes

Sheet Renew Storage PPA Pricing
B1: Pricing for Renewable and/or Storage Power Purchase Agreement
B2: ='Applicant Info and References'!B2 -> 800 MW Docket
B3: Who Should Complete this Form: This form is intended for applications proposing the following types of Power Purchase Agreements (PPAs): wind, solar, wind + storage, solar + storage, standalone storage, and other combination of these technologies. The information below provides further detail to prepare for the modeling and evaluation of the attribute matrix approved by the Minnesota PUC on 10/05/2023, including but not limited to information related to attributes 6-8, 11, 12, 14, 36, 37, 38, 40 and 41 for some or all applications. See the instructions below for further details.
B6: Finance Lease Consideration - The Company is aware that certain contract approaches – especially with respect to battery energy storage – could result in either (i) a contract that must be accounted for by the Company as a finance lease or an operating lease pursuant to Financial Accounting Standards Board (“FASB”) Accounting Standards Codification (“ASC”) 842, or (ii) consolidation of the seller or assets owned by the seller onto the Company’s balance sheet pursuant to the variable interest entity requirements of FASB ASC 810.
B10: The Company is unwilling to be subject to any accounting or tax treatment that results from a PPA’s finance lease or consolidated variable interest entity classification. As a result, in their data intake form below(s), applicants may (i) state that the applicant has considered applicable accounting standards in regard to finance leases and variable interest entities, (ii) summarize the applicant’s proposal to address these issues, and (iii) state that, to the applicant’s knowledge and belief, the application will not result in such treatment as of the date of the proposal.
B15: General Directions & Pricing Assumptions: All dollar amounts should be entered in nominal dollars. Prices must contain a fixed base price. Do not submit proposals with variable base year pricing or variable escalators. All tax assumptions included in the rates below should be described in the Project Description Narrative Topic and in the Notes section on this form. Please complete the pricing table below that align with the proposed PPA type:
B17: Solar, Hydro, and Wind PPAs: Please complete the Energy Payment Rate for the number of years in the proposed PPA term. The Committed Energy corresponding to this Energy Payment Rate is on the GenAnnual tab in the "Expected Generation at POI" column for the proposed solar, hydro, or wind generator.
B18: Standalone Storage PPAs: Please complete Capacity Payment Rate #1 (if the project is overbuilt and assumes no augmentation during the proposed term) and/or Capacity Payment Rate #2 (if the project assumes augmentation). Only one payment rate is necessary; although both may be completed as different proposed options for the project as discussed in the GenAnnual tab instructions. The proposed contract term may not exceed 15 years.
B19: Hybrid (Solar + Storage or Wind + Storage) PPAs: Please complete the Energy Payment Rate with pricing in $/MWH for energy from the renewable (solar, hydro, or wind) generation component of the hybrid asset only. For the storage component of the renewable asset, please complete Capacity Payment Rate #1 (if the project is overbuilt and assumes no augmentation during the proposed term) and/or Capacity Payment Rate #2 (if the project assumes augmentation). Only one payment rate is necessary; although both may be completed as different proposed options for the project. The proposed contract term for the storage component may not exceed 15 years.
A21: 2) | B21: Does the pricing below include an assumption that the project will qualify for the domestic content federal tax credit adder? | I21: (select from drop down)
A22: 3) | B22: Does the pricing below include an assumption that the project will qualify for the energy community federal tax credit adder? | I22: (select from drop down)
A23: 4) | B23: Does the pricing below include an assumption that the project will qualify for the low income communities tax credit adder? | I23: (select from drop down)
A26: 5) | B26: PPA Rates
C27: PPA Types: Wind, Solar, renewable component of Hybrid PPAs (see Hybrid PPA instructions above) | D27: PPA Types | G27: PPA Types: Standalone Storage, storage component of Hybrid PPAs (see Hybrid PPA instructions above)
B28: Operation Year | C28: Energy Payment Rate ($/MWh) | G28: Capacity Payment Rate #1 ($/kW-mo) | H28: Capacity Payment Rate #2 ($/kW-mo)
B29: 1
B30: 2
B31: 3
B32: 4
B33: 5
B34: 6
B35: 7
B36: 8
B37: 9
B38: 10
B39: 11
B40: 12
... B53: 25
A55: 6) | B55: Notes
A59: 7) | B59: Finance Lease (See the Finance Lease Consideration section at beginning of Form for details)
C61: Has the applicant considered applicable accounting standards in regard to finance leases and variable interest entities?
B64: Please summarize how the application addresses these issues.
C68: To the applicant’s knowledge and belief, the application will not result in such treatment as of the date of the proposal.

Sheet Physical Fuel PPA Pricing
B1: Pricing for Physical Fuel Power Purchase Agreement
B2: ='Applicant Info and References'!B2 -> 800 MW Docket
B4: Who Should Complete this Form: This form is intended for all applications proposing a power purchase agreement (PPA) for a resource that uses one or more physical fuels (i.e., natural gas, fuel oil, hydrogen, biomass, etc), except for Black Start service (please provide that PPA on the Black Start Inputs tab instead). The information below provides further detail to prepare for the modeling and evaluation of the attribute matrix approved by the Minnesota PUC on 10/05/2023, including but not limited to information related to attributes 6, 7, 11, 12, 13, 35, 36, 37, 38, 40, 41 and 45 for some or all applications. See the instructions below for further details.
B7: Finance Lease Consideration - The Company is aware that certain contract approaches – especially with respect to battery energy storage – could result in either (i) a contract that must be accounted for by the Company as a finance lease or an operating lease pursuant to Financial Accounting Standards Board (“FASB”) Accounting Standards Codification (“ASC”) 842, or (ii) consolidation of the seller or assets owned by the seller onto the Company’s balance sheet pursuant to the variable interest entity requirements of FASB ASC 810.
B11: The Company is unwilling to be subject to any accounting or tax treatment that results from a PPA’s finance lease or consolidated variable interest entity classification. As a result, in their data intake form below(s), applicants may (i) state that the applicant has considered applicable accounting standards in regard to finance leases and variable interest entities, (ii) summarize the applicant’s proposal to address these issues, and (iii) state that, to the applicant’s knowledge and belief, the application will not result in such treatment as of the date of the proposal.
B16: General Directions & Pricing Assumptions: Enter fixed payment rates (in $/kW-mo), if any, proposed for each year of the PPA in the column labeled Capacity Price. For each fuel, enter variable payment rates (e.g., variable O&M) in $/MWh, if any, proposed to be paid for each MWh of energy delivered to the point of delivery in the columns labeled Tolling Pmt Rate. Enter the proposed cost (in $ per turbine start), if any, to be paid for each requested turbine start successfully performed in the columns labeled Turbine Start Price.
B19: Pricing on this form should not include any costs for procuring, transporting or delivering fuel.
B21: All prices should be entered in nominal dollars. Prices may be fixed for the proposed term, escalate at a known and constant rate. Regardless, the first year's pricing must be fixed. Pricing on this form is assumed to contain within it the following Required Supplementary Data Items from the IRP Order Point B, 4-6, 8, and if relevant, IRP Order Point D on the Appendix C: Filing Requirements from the November 13 compliance filing.
B25: Capacity Availability Factor - Provide an estimate of the Capacity Availability Factor as defined in the Dispatchable Model PPA.
A27: 1 | B27: # of Turbines
B28: Subject to Start Price for a complete facility start. E.G. enter "2" for a 2x1 combined cycle.
D29: PRIMARY FUEL | F29: SECONDARY FUEL
A30: 2 | B30: Operation Year | C30: Capacity Price ($/kW-mo) | D30: Tolling Pmt Rate I ($/MWh) | E30: Turbine Start Price I ($/start) | F30: Tolling Pmt Rate II ($/MWh) | G30: Turbine Start Price II ($/start)
B31: 1
B32: 2
B33: 3
B34: 4
B35: 5
B36: 6
B37: 7
B38: 8
B39: 9
B40: 10
B41: 11
B42: 12
... B55: 25
A57: 3 | B57: Notes to Pricing for Physical Fuel Assets
A60: 4 | B60: Capacity Availability Factor
B61: The Capacity Availability Factor is defined as the rolling 12-month ratio of (Available Energy + Scheduled Maintenance Energy) to Period Energy; see the NSP Dispatchable Model PPA for a complete definition.
E63: Available Energy (MWh)
E64: Schedule Maintenance Energy (MWh)
E65: Period Energy (MWh)
E66: Capacity Availability Factor | G66: =IF(G65=0,0,(G63+G64)/G65) -> 0
A68: 5) | B68: Finance Lease (See the Finance Lease Consideration section at beginning of Form for details)
C70: Has the applicant considered applicable accounting standards in regard to finance leases and variable interest entities?
B73: Please summarize how the application addresses these issues.
C77: To the applicant’s knowledge and belief, the application will not result in such treatment as of the date of the proposal.

Sheet DR1-Demand Response PPA Pricing
B1: Pricing for Demand Response Power Purchase Agreement
B2: ='Applicant Info and References'!B2 -> 800 MW Docket
B3: Who Should Complete this Form: This form is intended for demand response applications proposing a Power Purchase Agreement (PPA). The information below provides further detail to prepare for the modeling and evaluation of the attribute matrix approved by the Minnesota PUC on 10/05/2023, including but not limited to information related to attributes 1, 7, 11, 12, 14, 33, 34, 35, 36, 37, 38, 40, 41 and 45 for some or all applications. See the instructions below for further details.
A7: 1) | B7: PPA Pricing Table
B9: General Directions & Pricing Assumptions - If more than one demand response technology is proposed, applicant may choose to complete a PPA pricing tab for each technology separately or complete PPA pricing tab(s) that include any combination of proposed demand response technologies. All dollar amounts should be entered in nominal dollars. Prices must contain a fixed base price, not variable base year pricing or variable escalators. Pricing should include the cost of union labor. All tax assumptions included in the rates below should be described in the Application Narrative and in the PPA Pricing Notes section on this form. MW amounts indicated on this form are assumed to be at the customer meter and should not include transmission or distribution system losses.
B11: Target Winter, Summer, and Spring & Fall Capacity (MW) - Provide the MW of load reduction that are targeted to be available for the Company's use for each year and season of the proposed project. Winter, Summer, Fall & Spring align with MISO definitions.
B13: Energy Reduction Payment Rate ($/MWh) - Enter payment rate for each year of the proposed PPA Term for actual load reduction achieved during initiated events.
B15: Capacity Payment Rate ($/kW-mo) - Enter the payment rate that will be paid to each Target MW available during each month of the proposed contract year.
B17: Identify which Technology Types on the "GenTech & BOP" tab are included in this pricing proposal:
C19: Technology 1 | E19: Technology 2 | G19: Technology 3 | I19: Technology 4
B21: Operation Year | C21: Target Winter Capacity (MW) | D21: Target Summer Capacity (MW) | E21: Target Fall & Spring Capacity (MW) | F21: Energy Reduction Payment Rate ($/MWh) | G21: Capacity Payment Rate ($/kW-mo)
B22: 1
B23: 2
B24: 3
B25: 4
B26: 5
B27: 6
B28: 7
B29: 8
B30: 9
B31: 10
B32: 11
B33: 12
... B36: 15
A38: 2) | B38: PPA Pricing Table Notes
A41: 3) | B41: PPA Availability Table
B43: Identify whether the Target MW proposed in 1) PPA Pricing Table above is intended to be available for dispatch during each hour below.
C46: WINTER | E46: SUMMER | G46: SPRING/FALL
B47: Hour Ending | C47: Weekends (Sat/Sun) | D47: Weekdays (Mon-Fri) | E47: Weekends (Sat/Sun) | F47: Weekdays (Mon-Fri) | G47: Weekends (Sat/Sun) | H47: Weekdays (Mon-Fri)
B48: 1
B49: =B48+1 -> 2
B50: =B49+1 -> 3
B51: =B50+1 -> 4
B52: =B51+1 -> 5
B53: =B52+1 -> 6
B54: =B53+1 -> 7
B55: =B54+1 -> 8
B56: =B55+1 -> 9
B57: =B56+1 -> 10
B58: =B57+1 -> 11
B59: =B58+1 -> 12
B60: =B59+1 -> 13
... B71: =B70+1 -> 24

Sheet DR2-Demand Response PPA Pricing
B1: Form 6 - Pricing for Demand Response Power Purchase Agreement - Optional Tab
B2: ='Applicant Info and References'!B2 -> 800 MW Docket
B3: Who Should Complete this Form: This form is intended for demand response applications that propose multiple demand response products (technologies) with different PPA terms. The information below provides further detail to prepare for the modeling and evaluation of the attribute matrix approved by the Minnesota PUC on 10/05/2023, including but not limited to information related to attributes 1, 7, 11, 12, 14, 33, 34, 35, 36, 37, 38, 40, 41 and 45 for some or all applications. See the instructions below for further details.
A7: 1) | B7: PPA Pricing Table
B9: General Directions & Pricing Assumptions: If more than one demand response technology is proposed, applicant may choose to complete a PPA pricing tab for each technology separately or complete PPA pricing tab(s) that include any combination of proposed demand response technologies. All dollar amounts should be entered in nominal dollars. Prices must contain a fixed base price, not variable base year pricing or variable escalators. Pricing should include the cost of union labor. All tax assumptions included in the rates below should be described in the Application Narrative and in the PPA Pricing Notes section on this form. MW amounts indicated on this form are assumed to be at the customer meter and should not include transmission or distribution system losses.
B11: Target Winter, Summer, and Spring & Fall Capacity (MW) - Provide the MW of load reduction that are targeted to be available for the Company's use for each year and season of the proposed project. Winter, Summer, Fall & Spring align with MISO definitions.
B13: Energy Reduction Payment Rate ($/MWh) - Enter payment rate for each year of the proposed PPA Term for actual load reduction achieved during initiated events.
B15: Capacity Payment Rate ($/kW-mo) - Enter the payment rate that will be paid to each Target MW available during each month of the proposed contract year.
B17: Identify which Technology Types on the "GenTech & BOP" tab are included in this pricing proposal:
C19: Technology 1 | E19: Technology 2 | G19: Technology 3 | I19: Technology 4
B21: Operation Year | C21: Target Winter Capacity (MW) | D21: Target Summer Capacity (MW) | E21: Target Fall & Spring Capacity (MW) | F21: Energy Reduction Payment Rate ($/MWh) | G21: Capacity Payment Rate ($/kW-mo)
B22: 1
B23: 2
B24: 3
B25: 4
B26: 5
B27: 6
B28: 7
B29: 8
B30: 9
B31: 10
B32: 11
B33: 12
... B36: 15
A38: 2) | B38: PPA Pricing Table Notes
A41: 3) | B41: PPA Availability Table
B43: Identify whether the Target MW proposed in 1) PPA Pricing Table above is intended to be available for dispatch during each hour below.
C46: WINTER | E46: SUMMER | G46: SPRING/FALL
B47: Hour Ending | C47: Weekends (Sat/Sun) | D47: Weekdays (Mon-Fri) | E47: Weekends (Sat/Sun) | F47: Weekdays (Mon-Fri) | G47: Weekends (Sat/Sun) | H47: Weekdays (Mon-Fri)
B48: 1
B49: =B48+1 -> 2
B50: =B49+1 -> 3
B51: =B50+1 -> 4
B52: =B51+1 -> 5
B53: =B52+1 -> 6
B54: =B53+1 -> 7
B55: =B54+1 -> 8
B56: =B55+1 -> 9
B57: =B56+1 -> 10
B58: =B57+1 -> 11
B59: =B58+1 -> 12
B60: =B59+1 -> 13
... B71: =B70+1 -> 24

Sheet DR3-Demand Response PPA Pricing
B1: Form 6 - Pricing for Demand Response Power Purchase Agreement - Optional Tab 2
B2: ='Applicant Info and References'!B2 -> 800 MW Docket
B3: Who Should Complete this Form: This form is intended for demand response applications that propose multiple demand response products (technologies) with different PPA terms. The information below provides further detail to prepare for the modeling and evaluation of the attribute matrix approved by the Minnesota PUC on 10/05/2023, including but not limited to information related to attributes 1, 7, 11, 12, 14, 33, 34, 35, 36, 37, 38, 40, 41 and 45 for some or all applications. See the instructions below for further details.
A7: 1) | B7: PPA Pricing Table
B9: General Directions & Pricing Assumptions: If more than one demand response technology is proposed, applicant may choose to complete a PPA pricing tab for each technology separately or complete PPA pricing tab(s) that include any combination of proposed demand response technologies. All dollar amounts should be entered in nominal dollars. Prices must contain a fixed base price, not variable base year pricing or variable escalators. Pricing should include the cost of union labor. All tax assumptions included in the rates below should be described in the Application Narrative and in the PPA Pricing Notes section on this form. MW amounts indicated on this form are assumed to be at the customer meter and should not include transmission or distribution system losses.
B11: Target Winter, Summer, and Spring & Fall Capacity (MW) - Provide the MW of load reduction that are targeted to be available for the Company's use for each year and season of the proposed project. Winter, Summer, Fall & Spring align with MISO definitions.
B13: Energy Reduction Payment Rate ($/MWh) - Enter payment rate for each year of the proposed PPA Term for actual load reduction achieved during initiated events.
B15: Capacity Payment Rate ($/kW-mo) - Enter the payment rate that will be paid to each Target MW available during each month of the proposed contract year.
B17: Identify which Technology Types on the "GenTech & BOP" tab are included in this pricing proposal:
C19: Technology 1 | E19: Technology 2 | G19: Technology 3 | I19: Technology 4
B21: Operation Year | C21: Target Winter Capacity (MW) | D21: Target Summer Capacity (MW) | E21: Target Fall & Spring Capacity (MW) | F21: Energy Reduction Payment Rate ($/MWh) | G21: Capacity Payment Rate ($/kW-mo)
B22: 1
B23: 2
B24: 3
B25: 4
B26: 5
B27: 6
B28: 7
B29: 8
B30: 9
B31: 10
B32: 11
B33: 12
... B36: 15
A38: 2) | B38: PPA Pricing Table Notes
A41: 3) | B41: PPA Availability Table
B43: Identify whether the Target MW proposed in 1) PPA Pricing Table above is intended to be available for dispatch during each hour below.
C46: WINTER | E46: SUMMER | G46: SPRING/FALL
B47: Hour Ending | C47: Weekends (Sat/Sun) | D47: Weekdays (Mon-Fri) | E47: Weekends (Sat/Sun) | F47: Weekdays (Mon-Fri) | G47: Weekends (Sat/Sun) | H47: Weekdays (Mon-Fri)
B48: 1
B49: =B48+1 -> 2
B50: =B49+1 -> 3
B51: =B50+1 -> 4
B52: =B51+1 -> 5
B53: =B52+1 -> 6
B54: =B53+1 -> 7
B55: =B54+1 -> 8
B56: =B55+1 -> 9
B57: =B56+1 -> 10
B58: =B57+1 -> 11
B59: =B58+1 -> 12
B60: =B59+1 -> 13
... B71: =B70+1 -> 24

Sheet DR4-Demand Response PPA Pricing
B1: Pricing for Demand Response Power Purchase Agreement - Optional Tab 3
B2: ='Applicant Info and References'!B2 -> 800 MW Docket
B3: Who Should Complete this Form: This form is intended for demand response applications that propose multiple demand response products (technologies) with different PPA terms. The information below provides further detail to prepare for the modeling and evaluation of the attribute matrix approved by the Minnesota PUC on 10/05/2023, including but not limited to information related to attributes 1, 7, 11, 12, 14, 33, 34, 35, 36, 37, 38, 40, 41 and 45 for some or all applications. See the instructions below for further details.
A7: 1) | B7: PPA Pricing Table
B9: General Directions & Pricing Assumptions: If more than one demand response technology is proposed, applicant may choose to complete a PPA pricing tab for each technology separately or complete PPA pricing tab(s) that include any combination of proposed demand response technologies. All dollar amounts should be entered in nominal dollars. Prices must contain a fixed base price, not variable base year pricing or variable escalators. Pricing should include the cost of union labor. All tax assumptions included in the rates below should be described in the Application Narrative and in the PPA Pricing Notes section on this form. MW amounts indicated on this form are assumed to be at the customer meter and should not include transmission or distribution system losses.
B11: Target Winter, Summer, and Spring & Fall Capacity (MW) - Provide the MW of load reduction that are targeted to be available for the Company's use for each year and season of the proposed project. Winter, Summer, Fall & Spring align with MISO definitions.
B13: Energy Reduction Payment Rate ($/MWh) - Enter payment rate for each year of the proposed PPA Term for actual load reduction achieved during initiated events.
B15: Capacity Payment Rate ($/kW-mo) - Enter the payment rate that will be paid to each Target MW available during each month of the proposed contract year.
B17: Identify which Technology Types on the "GenTech & BOP" tab are included in this pricing proposal:
C19: Technology 1 | E19: Technology 2 | G19: Technology 3 | I19: Technology 4
B21: Operation Year | C21: Target Winter Capacity (MW) | D21: Target Summer Capacity (MW) | E21: Target Fall & Spring Capacity (MW) | F21: Energy Reduction Payment Rate ($/MWh) | G21: Capacity Payment Rate ($/kW-mo)
B22: 1
B23: 2
B24: 3
B25: 4
B26: 5
B27: 6
B28: 7
B29: 8
B30: 9
B31: 10
B32: 11
B33: 12
... B36: 15
A38: 2) | B38: PPA Pricing Table Notes
A41: 3) | B41: PPA Availability Table
B43: Identify whether the Target MW proposed in 1) PPA Pricing Table above is intended to be available for dispatch during each hour below.
C46: WINTER | E46: SUMMER | G46: SPRING/FALL
B47: Hour Ending | C47: Weekends (Sat/Sun) | D47: Weekdays (Mon-Fri) | E47: Weekends (Sat/Sun) | F47: Weekdays (Mon-Fri) | G47: Weekends (Sat/Sun) | H47: Weekdays (Mon-Fri)
B48: 1
B49: =B48+1 -> 2
B50: =B49+1 -> 3
B51: =B50+1 -> 4
B52: =B51+1 -> 5
B53: =B52+1 -> 6
B54: =B53+1 -> 7
B55: =B54+1 -> 8
B56: =B55+1 -> 9
B57: =B56+1 -> 10
B58: =B57+1 -> 11
B59: =B58+1 -> 12
B60: =B59+1 -> 13
... B71: =B70+1 -> 24

Sheet D2_Expenses
B1: D2 - Post COD Expenses for BTs, Self-Builds, or Sale of Existing Asset
B2: ='Applicant Info and References'!B2 -> 800 MW Docket
B3: Who Should Complete this Form: This form is intended for Build-Transfer and Company Self-Build applications of all resource types. The information below provides further detail to prepare for the modeling and evaluation of the attribute matrix approved by the Minnesota PUC on 10/05/2023, including but not limited to information related to attributes 6, 7, 11, 12, 36, 37, 38, 40, 41, and 46. See the instructions below for further details.
B5: 30.43 | C5: 16.57
B6: All dollar amounts except Land & Easement Payments should be entered in nominal dollars. If a service agreement is required as part of the equipment sale, select Y in section 3 and enter pricing in section 4. If an agreement is optional, select N. Land & Easement Payments shall incorporate inflation, step changes, production payments, etc in accordance with the executed easement agreements
A8: 1 | B8: Startup Cost per Unit - Physical Fuel Plants ($)
A9: 2) | B9: Non-renewable resources: Property Tax Rate
A10: 3) | B10: OEM service contract included with equipment? | G10: (select from drop-down)
A11: 4) | B11: Post COD Generation & Expenses
B12: Operational Year | C12: OEM O&M Contract Payments Tech 1 ($) | D12: Land & Easement Payments Tech 1 ($) | E12: OEM O&M Contract Payments Tech 2 ($) | F12: Land & Easement Payments Tech 2 ($) | G12: OEM O&M Contract Payments Tech 3 ($) | H12: Land & Easement Payments Tech 3 ($) | I12: OEM O&M Contract Payments Tech 4 ($) | J12: Land & Easement Payments Tech 4 ($)
B13: 1
B14: =B13+1 -> 2
B15: =B14+1 -> 3
B16: =B15+1 -> 4
B17: =B16+1 -> 5
B18: =B17+1 -> 6
B19: =B18+1 -> 7
B20: =B19+1 -> 8
B21: =B20+1 -> 9
B22: =B21+1 -> 10
B23: =B22+1 -> 11
B24: =B23+1 -> 12
B25: =B24+1 -> 13
... B52: =B51+1 -> 40
A54: 5) | B54: Notes

Sheet Construction Milestone
A1: Construction Milestones
A2: ='Applicant Info and References'!B2 -> 800 MW Docket
B3: Who Should Complete this Form: This form is intended for any Build-Transfer applications proposing the construction of one or more new resources. The information below provides further detail to prepare for the modeling and evaluation of the attribute matrix approved by the Minnesota PUC on 10/05/2023, including but not limited to information related to attributes 4, 36, 37, 38, 40, and 41. See the instructions below for further details.
B6: Insert the proposed or estimated date for each milestone shown here. Milestone estimates should be based on the requirements to achieve the proposed commercial operation date. Hybrid proposals may create multiple copies of this Form for each resource type included in the application.
B8: Date | C8: Construction Milestones
B9: XX/XX/20XX | C9: Estimated date by which Seller has obtained all required permits needed to construct the Facility. Hyprid proposals: if dates differ by each resource type included in the application, please see directions above and provide separately for each resource type in the application.
B10: XX/XX/20XX | C10: Estimated date by which issues construction drawings complete (IFC set). Hyprid proposals: if dates differ by each resource type included in the application, please see directions above and provide separately for each resource type in the application.
B11: XX/XX/20XX | C11: Commencement of construction of the Facility. Hybrid proposals: see directions above and provide commencement date for each resource type included in the application.
B12: XX/XX/20XX | C12: Commercial Operation Milestone (should match date provided in the "COD" field on the "Applicant Info and Reference tab). Hybrid proposals: see directions above and provide commencement date for each resource type included in the application.

Sheet TechDesc
B1: Technical Description for Non-Physical Fuel Systems
B2: ='Applicant Info and References'!B2 -> 800 MW Docket
B4: Who Should Complete this Form: This form is intended for applications proposing battery energy storage systems, biomass, solar PV and/or wind generation assets. The information below provides further detail to prepare for the modeling and evaluation of the attribute matrix approved by the Minnesota PUC on 10/05/2023, including but not limited to information related to attributes 4, 8, 11, 14, 36, 37, 38, 40, 41, 43, 44, 45, 46, 47, 48 for all or some applications. See the instructions below for further details.
B8: General Directions
B9: Enter equipment specifications in the applicable rows for Battery Energy Storage Systems (BESS), Biomass, Solar PV, and Wind plants. All others complete the last row and enter notes describing the plant design.
A10: Battery Energy Storage
A11: 1 | B11: Battery
B12: Manufacturer
B13: Model / Physical Size (L x W x H) (ft)
B14: Capacity Rating (MWh-DC)
B15: Enclosure Type
B16: Battery Storage Chemistry
B17: (System) Integrator
B18: Thermal Management Technology
B19: Warranty Term (years) | D19: If pro-rated, describe in Notes section
B20: Guarenteed Monthly Availability
B21: List all alternative batteries that may be used, and their associated information (i.e. model, rating, etc)
B23: Describe procurement plan including existing supply agreements, planned solicitations, procurement schedule, etc:
A26: =A11+1 -> 2 | B26: Power Conversion System
B27: Manufacturer
B28: Model
B29: Nameplate Ouptut per Container or Main Inverter (MW-AC)
B30: Warranty Term (years) | D30: If pro-rated, describe in Notes section
B31: Grid Forming | D31: (select from drop-down)
B32: Describe procurement plan including existing supply agreements, planned solicitations, procurement schedule, etc:
A34: =A26+1 -> 3 | B34: BESS Ratings
B35: Starting Nameplate Capacity (MW-DC)
B36: Starting Nameplate Capacity (MW-AC)
B37: Useable/Dispatchable Capacity (MW-AC)
B38: Storage Duration at Useable Capacity (hours) | G38: AC | H38: DC
B39: Useable Storage Capacity (MWh-AC)
B40: Average Annual Capacity Degradation (MWh/yr) (in addition to warranty curve)
B41: Expected Capacity Degradation per Year (%/yr)
G42: Yes | H42: No
A43: =A34+1 -> 4 | B43: Augmentation Planning (Company Ownership Applications only - Self-Build or Build-Transfer)
B44: Container Capacity (MW-DC)
B45: Container Cost (Current Pricing) ($)
B46: Area Required for Container (Sq Ft)
G47: Yes | H47: No
A48: =A43+1 -> 5 | B48: BESS Unit Dispatchable Range
B49: Minimum Storage Level (SoC_min, MWh)
B50: Maximum Storage Level (SoC_max, MWh)
B51: Preferred Resting State of Charge (RSoC, MWh)
B52: Maximum Real Power Charge Limit (Cmax_p, MW)
B53: Minimum Real Power Charge Limit (Cmin_p, MW)
B54: Maximum Real Power Discharge Limit (Dmax_p, MW)
B55: Minimum Real Power Discharge Limit (Dmin_p, MW)
B56: Self-Discharge Rate Maximum (MWh/Month)
B57: Minimum Duration for Full Charge at Cmax_p (SoC_min to SoC_max) (minutes)
B58: Minimum Duration for Full Discharge at Dmax_p (SoC_max to SoC_min)
A60: =A48+1 -> 6 | B60: Dispatch Time Limitations & Ramp Rates
B61: Minimum Run Time Per Charge Period (minutes) | G61: AC | H61: DC
B62: Minimum Run Time Per Discharge Period (minutes)
B63: Minimum Down Time Required Between Two Discharge Periods (minutes) | G63: Yes | H63: No
B64: Minimum Down Time Required Between Two Charge Periods (minutes)
B65: Maximum Ramp Up Rate (Dmin_p to Dmax_p, MW/sec)
B66: Maximum Ramp Down Rate (Dmax_p to Dmin_p, MW/sec)
B67: Ramp Rate Bi-Direction (MW/min)
B68: Time from notification of dispatch until release for remote AGC over full range of operation (minutes)
B69: Cmax_p to Cmin_p (MW/sec)
B70: Cmin_p to Cmax_p (MW/sec)
B71: Ramp Rate Reduction at High SoC (MWh) | D71: (Min %, Max %, High SoC)
B72: Ramp Rate Reduction at Low SoC (MWh) | D72: (Min %, Max %, High SoC)
A74: =A60+1 -> 7 | B74: Cycle Limitations (within manufacturer's warranty)
B75: Maximum Cycles per Day | D75: # of Cycles
B76: Maximum Cycles per Year | D76: # of Cycles
B77: Planned Cycles per Year | D77: # of Cycles
B78: Guaranteed Lifetime Number of Cycles | D78: # of Cycles
A80: =A74+1 -> 8 | B80: Throughput Limitations (within manufacturer's warranty) | G80: AC | H80: DC
B81: Maximum Daily Discharge Throughput (MWh)
B82: Maximum Annual Discharge Throughput (MWh) | G82: Yes | H82: No
B83: Guaranteed Lifetime Discharge Throughput (MWh)
A85: =A80+1 -> 9 | B85: Other
B86: Maximum Station Use Power (MW)
B87: Planned Outage (hours/year)
A89: Biomass | C89: =130-SUM(B89,D89) -> 113.14 | D89: 16.86
A90: 1 | B90: Fuel Source (As Delivered)
B91: Maximum Hourly Fuel Usage Rate (Tons)
B92: Annual Fuel Usage Rate (Tons)
B93: Consistent With Production Profile Form.
B94: Expected Fuel Quality (Btu/lb)
B95: Expected Fuel Quality % Moisture (%)
B96: Expected Fuel Quality % Sulfur (%)
B97: Expected Fuel Quality % Ash (%)
B98: On-Site Fuel Storage Requirements (Days)
B99: Fuel Cost at Source ($/Ton)
B100: Fuel Delivery Cost ($/Ton)
B101: On-Site Fuel Processing Cost ($/Ton)
A102: =A90+1 -> 2 | B102: Outages
B103: Annual Expected Forced Outage Rate (%)
B104: Expected Avg Annual Maintenance Requirements (days/year)
A105: =A102+1 -> 3 | B105: Manual Control (MC)
B106: Lowest Stable Operating Point on MC (% of full load)
B107: Highest Stable Operating Point on MC (% of full load)
B108: Normal Up Ramp Rate on MC (MW/min)
B109: Normal Down Ramp Rate on MC (MW/min)
B110: Emergency Up Ramp Rate on MC (MW/min)
B111: Emergency Down Ramp Rate on MC (MW/min)
A112: =A105+1 -> 4 | B112: Automatic Generation Control (AGC)
B113: Lowest Stable Operating Point on AGC (% of full load)
...

Sheet Repower
B1: Existing Asset/Repowers Information
B2: ='Applicant Info and References'!B2 -> 800 MW Docket | F2: Ctrl Shft Right Arrow
B4: Who Should Complete this Form: This form is intended for applications that contain an existing generation project. The information below provides further detail to prepare for the modeling and evaluation of the attribute matrix approved by the Minnesota PUC on 10/05/2023, including but not limited to information related to attributes 1, 4, 6, 7, 8, 9. 10, 11, 12, 14, 36, 37, 38, 40, and 41 for all or some applications. See the instructions below for further details.
A8: 1 | B8: Equipment Status
B9: Generating/Storage Equipment (describe below) | D9: (select from drop-down)
B10: Padmount Transformers (if applicable) | D10: (select from drop-down)
B11: Access Roads | D11: (select from drop-down)
B12: Collection System Cable | D12: (select from drop-down)
B13: Grounding Transformers | D13: (select from drop-down)
B14: Collection Substation | D14: (select from drop-down)
B15: Gen-tie Line | D15: (select from drop-down)
B16: Photos Included of all Existing Equipment to be Re-Used | D16: (select from drop-down)
A18: 2) | B18: Notes

Sheet WResource
B1: Wind Resource and MET Tower Summary
B2: ='Applicant Info and References'!B2 -> 800 MW Docket
B4: Who Should Complete this Form: This form is intended for all applications containing a wind generation asset within the proposal. The information below provides further detail to prepare for the modeling and evaluation of the attribute matrix approved by the Minnesota PUC on 10/05/2023, including but not limited to information related to attributes 14, 33, 36, 37, 38, 40, and 41 for all or some applications. See the instructions below for further details. If this form is not received for a proposal containing a wind component, the Company plans to conduct its own energy production estimate.
B8: Instructions
B9: Confirm whether Energy Production Estimates have been completed by a 3rd party and submitted as part of the application package. The report(s) should address the following items: Validated data and/or description of validation criteria and monthly wind speeds, description of remote sensing data used if applicable, description of adjustments made to the data; why; how (i.e. Wake, DFW, TI, etc.), MCP methods, long-term wind speeds at each mast, and chosen reference station and correlations. If modeled datasets are used, provide the time series used in the assessment, assumed wind rose, frequency distribution used in energy capture, and modeling/energy capture software used. Complete a separate row for each past and present MET tower within the project boundary or outside the boudary that were used for the development of the submitted project. An example row is included. | O9: Op Mode:
A10: 1 | B10: Wind Resource
B11: Pre-Construction Energy Production Report Completed by 3rd Party? | I11: (select from drop-down)
B12: Pre-Construction Energy Production Report Submitted With Application? | I12: (select from drop-down)
B13: Turbine Site Suitability Study Completed? | I13: (select from drop-down)
B14: (Expected) Date of Completion of Turbine Site Suitability Study
B15: Is the following documentation available for pre-construction met towers (original construction)?
B16: Met tower data sheet including location, sensor types and elevations, topography notes etc. | I16: (select from drop-down)
B17: Photos from installation of the MET towers | I17: (select from drop-down)
B18: Calibration certificates | I18: (select from drop-down)
A19: =A10+1 -> 2 | B19: Met Tower Summary
B20: Monitoring Station Name/ID | C20: Tech | D20: Type | E20: Top Height (m) | F20: Lat | G20: Long | H20: Reference Station | I20: Hub Height (m) | J20: Projected Wind speed at Hub Height (m/s) | K20: Install Date | L20: Decom Date
A36: =A19+1 -> 3 | B36: Notes

Sheet WPower Curve
B1: Wind Turbine Power and Thrust Curves
B2: ='Applicant Info and References'!B2 -> 800 MW Docket
B4: Who Should Complete this Form: This form is intended for all applications containing a wind generation asset within the proposal. The information below provides further detail to prepare for the modeling and evaluation of the attribute matrix approved by the Minnesota PUC on 10/05/2023, including but not limited to information related to attributes 14, 33, 36, 37, 38, 40, and 41 for all or some applications. See the instructions below for further details.
B7: The proposal should include all pertinent technical information for the project including detailed turbine information and facility information. Proposed Turbine Level Information. If multiple Turbine models are proposed, Turbine Level Information, Project Level Information, and the Power and Thrust Curve data should be provided for all Turbine Models. Use the tab copy feature to create additional tabs as needed for the additional turbine models. | K7: Op Mode:
A9: 1 | C9: Turbine Power Curves (kW per Turbine) | F9: Turbine Thrust Curves (kN per Turbine)
B10: Wind Speed (m/s) | C10: Air Density 1 (kg/m3) | D10: Air Density 2 (kg/m3) | F10: Air Density 1 (kg/m3) | G10: Air Density 2 (kg/m3)
B11: 0
B12: 0.5
B13: 1
B14: 1.5
B15: 2
B16: 2.5
B17: 3
B18: 3.5
B19: 4
B20: 4.5
B21: 5
B22: 5.5
... B71: 30

Sheet PVSyst Inputs
B1: Solar Pre-Construction Energy Production Estimate
B2: ='Applicant Info and References'!B2 -> 800 MW Docket
B4: Who Should Complete this Form: This form is intended for any applications that propose a solar PV resource. The information below provides further detail to prepare for the modeling and evaluation of the attribute matrix approved by the Minnesota PUC on 10/05/2023, including but not limited to information related to attributes 14, 33, 36, 37, 38, 40, and 41 for all or some applications. See the instructions below for further details.
B7: Provide a solar pre-construction energy production estimate from PVSyst that has been completed by an independent 3rd party and submitted as part of the application. If no estimate is provided the Company will use PVSyst to provide an energy production estimate.
A9: 1 | B9: Solar Pre-Construction Energy Production Report
B10: Pre-Construction Energy Production Estimate Completed by 3rd Party? | E10: (select from drop-down)
B11: Pre-Construction Energy Estimate Report Submittted with application? | E11: (select from drop-down)
B12: Energy Production Estimate Provider / Author
B13: Uncertainty (P50, P90, etc)
A17: 2) | B17: PVsyst Model Inputs
A18: a) | B18: Plant Capacities
B19: DC Capacity [kWdc] | C19: =C34*C38/1000 -> 0
B20: AC Capacity - Inverter [kWac] | C20: =C41*C43 -> 0
B21: AC Capacity - POD [kWac]
B22: DC AC Ratio @ Inverter | C22: =C19/C20 -> #DIV/0!
B23: DC AC Ratio @ POD | C23: =C19/C21 -> #DIV/0!
A25: b) | B25: Solar Resource
B26: Onsite Data Collected and Included in model? | E26: Include dates of data collection and MET station provider
B27: Data Source | E27: Explain why data set was chosen
B28: GHI (kWh/m2/year)
B29: DHI (kWh/m2/year)
A31: a) | B31: Equipment Information
B32: PV Module Manufacturer
B33: PV Module Model Number
B34: PV Module Nominal Power [W]
B35: PAN File Provider | E35: Include PAN file as attachment
B36: Quantity Modules per String
B37: Total Quantity of Strings
B38: Total Number of Modules
B39: Inverter Manufacturer
B40: Inverter Model Number
B41: Inverter Nominal Capacity [kWAC]
B42: Inverter OND File Provider | E42: Include OND file as attachment
B43: Total Number of Inverters
B44: Number of Trackers
A46: b) | B46: Equipment Orientation
B47: Field Type
B48: Tracker Spacking [m]
B49: Collector Width [m]
B50: Axis Height Above Ground [m]
B51: GCR | C51: =IFERROR(C49/C48,"-") -> -
B52: Tracker Phi min/max [deg]
B53: Azimuth [deg]
A55: c) | B55: Bifacial Parameters (if applicable)
B56: Bifaciality Factor
B57: Rear Shading Factor
B58: Rear Mismatch Loss
B59: Module Transparency
A61: d) | B61: Albedo & Soiling Losses
C62: Albedo | D62: Soiling
B63: Total Year Average | E63: Explain source for albedo values
B64: January
B65: February
B66: March
B67: April
B68: May
B69: June
B70: July | E70: Explain source for soiling loss values
B71: August
B72: September
B73: October
B74: November
B75: December
A77: e) | B77: Electrical Losses
B78: DC Circuit Loss Fraction [% at STC]
B79: AC Wire Loss Inverter to Trans. Loss Fraction [% at STC]
B80: Medium Voltage Line - Voltage [kV]
B81: Medium Voltage Line - Loss Fraction [% at STC]
B82: MV Transformer - No Load Loss [% at STC]
B83: MV Transformer - Resistive Loss [% at STC]
B84: HV Transformer - No Load Loss [% at STC]
B85: HV Transformer - Risistive Loss [% at STC]
B86: HV Line - Loss Fraction [% at STC]
A88: e) | B88: Thermal Parameters
B89: Thermal Loss Factor (Uc) [W/m^2K]
B90: Wind Loss Factor (Uv)
A92: e) | B92: IAM - Module Quality - LID - Mismatch - Horizon
B93: IAM Losses
B94: Module Quality/Efficiency Loss
B95: LID Loss
B96: Module Mismatch Loss
B97: Strings Voltage Mismatch Loss
A99: e) | B99: Auxiliary Losses
B100: Auxiliaries during day operation
B101: Continuous Auxiliary Loss (Fans, etc) [kW]
B102: …From Inverter output power threshold [kW]
B103: Proportional to the Inverter Output Power [W/kW]
B104: …From Inverter output power threshold [kW]
B105: AC Circuit Loss Fraction
B106: Night Auxiliaries Losses
B107: Night Auxiliaries Consuption [kW]
A110: 3) | B110: Solar Energy Loss Tree
B111: Effective Irradiation | C111: Percent Loss (%)
B112: Global Incident In Collector Plane
B113: Global Incident Below Threshold
B114: Far Shadings / Horizon
B115: Near Shadings: Irradiance Loss
B116: IAM Factor on Global
B117: Soiling Loss Factor
B118: Ground Reflection on Front Side
...

Sheet Physical Fuel 1 - Capacity, HR
B1: Capacities and Heat Rates #1 - Physical Fuel Resources
B2: ='Applicant Info and References'!B2 -> 800 MW Docket
B4: Who Should Complete this Form: This form is intended for all applications for resources using one or more physical fuels (natural gas, fuel oil, hydrogen, biomass, etc). The information below provides further detail to prepare for the modeling and evaluation of the attribute matrix approved by the Minnesota PUC on 10/05/2023, including but not limited to information related to attributes 1, 6, 11, 12, 13, 35, 36, 37, 38, 40, 41 and 45 for some or all applications. See the instructions below for further details. ADDITIONAL NOTE 1: Information about black start generating units that are not also commercially operable should be provided on the "Black Start Inputs" form, not this form.
B7: General Directions
B8: 1) Net Capacity - Enter net capacities that would be available at the commercial operation date (COD). For combined cycle units, start with the simple cycle unit(s) and then enter the incrememental capability in the appropriate combined cycle section. Supplemental capacity rows are for items such as duct-firing, steam injection, etc. All values should reflect the average capacities during the first commercial operating year at the Point of Interconnection and must be net of all parasitic loads and house power requirements. Note any limitations including, but not limited to, emission permitting limitations on the availability of such supplemental capacity in the Notes. Heat Rate - Enter the average heat rates at the unit loading levels indicated. Heat rates must be stated at the higher heating value (HHV) and the following: -Summer capacity should be based on an ambient temperature of 95 degrees Fahrenheit, 20% relative humidity, and altitude adjusted. -Winter capacity should be based on an ambient temperature of 30 degrees Fahrenheit, 60% relative humidity, and altitude adjusted. -Shoulder capacity should be based on an ambient temperature of 52 degrees Fahrenheit, 55% relative humidity, and altitude adjusted. 2) Annual Degradation - Enter values that would be applied to all data in section 1. For the purposes of this EnCompass model input and evaluation, assume an NCF of 5% for the simple cyclce unit(s) and 1 start for every 2 hours of operation. Provide additional details in the Notes section. | O8: Op Mode:
B10: Capacity and Heat Rate Table: | C10: If proposing a hydrogen/natural gas blend, provide separate heat rates for natural gas and for the proposed hydrogen/natural gas blend using both Physical Fuel 1 - Capacity, HR and Physical Fuel 2 - Capacity, HR tabs.
B12: Fuel Type 1:
A14: 1 | C14: Summer | F14: Winter | I14: Shoulder (Spring/Fall)
B15: Operating Mode | C15: Net Capacity (MW) | D15: Net Supplemental (MW) | E15: Heat Rate (Btu/kWh), Fuel Type 1 | F15: Net Capacity (MW) | G15: Net Supplemental (MW) | H15: Heat Rate (Btu/kWh), Fuel Type 1 | I15: Net Capacity (MW) | J15: Net Supplemental (MW) | K15: Heat Rate (Btu/kWh), Fuel Type 1 | L15: Max Net Capacity (MW)
B16: Simple Cycle Unit 1 - Min
B17: Simple Cycle Unit 1 - 25%
B18: Simple Cycle Unit 1 - 50%
B19: Simple Cycle Unit 1 - 75%
B20: Simple Cycle Unit 1 - Max
B21: Simple Cycle Unit 2 - Min
B22: Simple Cycle Unit 2 - 25%
B23: Simple Cycle Unit 2 - 50%
B24: Simple Cycle Unit 2 - 75%
B25: Simple Cycle Unit 2 - Max
B26: Simple Cycle Unit 3 - Min
B27: Simple Cycle Unit 3 - 25%
... B45: Combined Cycle U1-3 - Max
A47: 3) | B47: Annual Degradation
B48: Year | C48: Net Capacity Degradation (%) | D48: Heat Rate Degradation (%)
B49: 1
B50: 2
B51: 3
B52: 4
B53: 5
B54: 6
B55: 7
B56: 8
B57: 9
B58: 10
B59: 11
B60: 12
... B63: 15
A66: 4) | B66: Notes

Sheet Physical Fuel 2 - Capacity, HR
B1: Capacities and Heat Rates #2 - Physical Fuel Resources
B2: ='Applicant Info and References'!B2 -> 800 MW Docket
B4: Who Should Complete this Form: This form is intended for all applications for resources using more than one physical fuel (natural gas, fuel oil, hydrogen, biomass, etc). The information below provides further detail to prepare for the modeling and evaluation of the attribute matrix approved by the Minnesota PUC on 10/05/2023, including but not limited to information related to attributes 1, 6, 11, 12, 13, 35, 36, 37, 38, 40, 41 and 45 for some or all applications. See the instructions below for further details. ADDITIONAL NOTE 1: Information about black start generating units that are not also commercially operable should be provided on the "Black Start Inputs" form, not this form.
B7: General Directions
B8: 1) Net Capacity - Enter net capacities that would be available at the commercial operation date (COD). For combined cycle units, start with the simple cycle unit(s) and then enter the incrememental capability in the appropriate combined cycle section. Supplemental capacity rows are for items such as duct-firing, steam injection, etc. All values should reflect the average capacities during the first commercial operating year at the Point of Interconnection and must be net of all parasitic loads and house power requirements. Note any limitations including, but not limited to, emission permitting limitations on the availability of such supplemental capacity in the Notes. Heat Rate - Enter the average heat rates at the unit loading levels indicated. Heat rates must be stated at the higher heating value (HHV) and the following: -Summer capacity should be based on an ambient temperature of 95 degrees Fahrenheit, 20% relative humidity, and altitude adjusted. -Winter capacity should be based on an ambient temperature of 30 degrees Fahrenheit, 60% relative humidity, and altitude adjusted. -Shoulder capacity should be based on an ambient temperature of 52 degrees Fahrenheit, 55% relative humidity, and altitude adjusted. 2) Annual Degradation - Enter values that would be applied to all data in section 1. For the purposes of this EnCompass model input and evaluation, assume an NCF of 5% for the simple cyclce unit(s) and 1 start for every 2 hours of operation. Provide additional details in the Notes section. | O8: Op Mode:
B10: Capacity and Heat Rate Table: | C10: If proposing a hydrogen/natural gas blend, provide separate heat rates for natural gas and for the proposed hydrogen/natural gas blend using both Physical Fuel 1 - Capacity, HR and Physical Fuel 2 - Capacity, HR tabs.
B12: Fuel Type 2:
A14: 1 | C14: Summer | F14: Winter | I14: Shoulder (Spring/Fall)
B15: Operating Mode | C15: Net Capacity (MW) | D15: Net Supplemental (MW) | E15: Heat Rate (Btu/kWh), Fuel Type 1 | F15: Net Capacity (MW) | G15: Net Supplemental (MW) | H15: Heat Rate (Btu/kWh), Fuel Type 1 | I15: Net Capacity (MW) | J15: Net Supplemental (MW) | K15: Heat Rate (Btu/kWh), Fuel Type 1 | L15: Max Net Capacity (MW)
B16: Simple Cycle Unit 1 - Min
B17: Simple Cycle Unit 1 - 25%
B18: Simple Cycle Unit 1 - 50%
B19: Simple Cycle Unit 1 - 75%
B20: Simple Cycle Unit 1 - Max
B21: Simple Cycle Unit 2 - Min
B22: Simple Cycle Unit 2 - 25%
B23: Simple Cycle Unit 2 - 50%
B24: Simple Cycle Unit 2 - 75%
B25: Simple Cycle Unit 2 - Max
B26: Simple Cycle Unit 3 - Min
B27: Simple Cycle Unit 3 - 25%
... B45: Combined Cycle U1-3 - Max
A47: 3) | B47: Annual Degradation
B48: Year | C48: Net Capacity Degradation (%) | D48: Heat Rate Degradation (%)
B49: 1
B50: 2
B51: 3
B52: 4
B53: 5
B54: 6
B55: 7
B56: 8
B57: 9
B58: 10
B59: 11
B60: 12
... B63: 15
A66: 4) | B66: Notes

Sheet Phy. Fuel, Large Hydro - Perf.
B1: Facility Performance - Physical Fuel Resources & Non Run-of-River Hydro
B2: ='Applicant Info and References'!B2 -> 800 MW Docket
B3: Operating Mode
B4: Who Should Complete this Form: This form is intended for all applications for resources using one or more physical fuels (natural gas, fuel oil, hydrogen, biomass, etc) and for non run-of-river hydro (i.e., large hydro) applications. The information below provides further detail to prepare for the modeling and evaluation of the attribute matrix approved by the Minnesota PUC on 10/05/2023, including but not limited to information related to attributes 1, 6, 7, 11, 12 35, 36, 37, 38, 40, 41 and 43-47 for some or all applications. See the instructions below for further details. ADDITIONAL NOTE 1: Information about black start generating units that are not also commercially operable should be provided on the "Black Start Inputs" form, not this form.
B7: General Directions
B8: Complete a separate tab for each unit listed on the "Physical Fuel - Capacity and HR" tab, label new tabs as "Performance_A", "Performance_B", etc. All information is to be entered by unit for simple cycle turbines and then in-addition to or incrementally for the combined cycle portion.
B9: Operating Mode & Unit | D9: (Select a unit as reported in Physical Fuel - Capacity and HR and duplicate this tab for each additional unit)
A11: 1 | B11: Outages
B12: Annual Expected Forced Outage Rate (%)
B13: Expected Average Annual Maintenance Requirements (days/year)
A15: =A11+1 -> 2 | B15: Manual Control
B16: Lowest Stable Operating Point on Manual Control (% of full load)
B17: Highest Stable Operating Point on Manual Control (% of full load)
B18: Normal Up Ramp Rate on Manual Control (MW/min)
B19: Normal Down Ramp Rate on Manual Control (MW/min)
B20: Emergency Up Ramp Rate on Manual Control (MW/min)
B21: Emergency Down Ramp Rate on Manual Control (MW/min)
B22: Ramp Rate Bi-Direction on Manual Control (MW/min)
B23: Manual control is not modeled, will only model AGC.
A24: =A15+1 -> 3 | B24: Automatic Generation Control (leave blank if no AGC capability)
B25: Lowest Stable Operating Point on AGC (% of full load)
B26: Highest Stable Operating Point on AGC (% of full load)
B27: Maximum Up Ramp Rate on AGC (MW/min)
B28: Maximum Down Ramp Rate on AGC (MW/min)
B29: Ramp Rate Bi-Direction on AGC (MW/min)
B30: Time from notification of dispatch until release for remote AGC over full range of operation (minutes)
A32: =A24+1 -> 4 | B32: Start Times (time to start unit, sync to grid, and reach minimum load)
B33: Off-Line for 6 Hours (minutes)
B34: Off-Line for 8 Hours (minutes)
B35: Off-Line for 12 Hours (minutes)
B36: Off-Line for 3 days (minutes)
B37: Maximum Load Achievable in 10 Minutes (% of full load)
B38: Maximum Load Achievable in 15 Minutes (% of full load)
B39: Maximum Load Achievable in 30 Minutes (% of full load)
A41: =A32+1 -> 5 | B41: Minimum Up Time (minutes)
A42: =A41+1 -> 6 | B42: Minimum Down Time (minutes)
A43: =A42+1 -> 7 | B43: Consumptive Water Use at 100% Annual Avg Base Capacity (gallons/MWh)
A44: =A43+1 -> 8 | B44: Notification Time needed before Start (minutes)
A45: =A44+1 -> 9 | B45: Maximum Cycles (life cycle)
A47: 10) | B47: Notes to Facility Performance

Sheet NatGas and Hydrogen
B1: Natural Gas, Hydrogen, and Backup Fuel Supply
B2: ='Applicant Info and References'!B2 -> 800 MW Docket | D2: =(130-B2)/2 -> #VALUE!
B4: Who Should Complete this Form: This form is intended for all applications proposing one or more resources that use one or more physical fuels (i.e., natural gas, fuel oil, hydrogen, etc). The information below provides further detail to prepare for the modeling and evaluation of the attribute matrix approved by the Minnesota PUC on 10/05/2023, including but not limited to information related to attributes 4, 6, 7, 12, 13, 33, 34, 35, 36, 37, 38, 40, and 41. See the instructions below for further details.
B7: 75.29 | C7: =(130-B7)/2 -> 27.355 | D7: =(130-B7)/2 -> 27.355
A8: 1 | B8: Natural Gas Supply - Power Purchase Agreements
B9: Identify the pipeline to which the proposed project plans to interconnect or to which the project. Indicate whether the project is currently interconnected or is proposing a new interconnection.
B10: Pipeline
D11: (select from drop-down)
B13: Status of Interconnection
D14: (select from drop-down)
A16: 2) | B16: Natural Gas Supply - Build-Transfer or Self-Build Projects
B17: Identify the pipeline to which the project plans to interconnect. If known, describe supply plan and identify all contracts that support the supply of firm gas transportation and firm supply to the proposed plant.
B18: Pipeline
D19: (select from drop-down)
B20: Supply plan and contract description
A23: 3) | B23: Natural Gas Interconnection Costs & Description - proposed Power Purchase Agreements
B24: For all projects proposing a Power Purchase Agreement: Describe any gas interconnection facilities that have been included in the application price on the Physical Fuel PPA Pricing tab. Describe the size, length and location of the lateral interconnection and fuel delivery point. Attach a USGS-based map showing the gas pipeline delivery point, the location of any lateral lines, compressors and meters.
B27: For applications includes gas interconnection costs: Gas Interconnection Cost Price Adjustment ($/kW-mo): | D27: *
B28: *Change in levelized Capacity Payment Rate ($/kW-mo) per $100,000 change in cost for the gas interconnection facilities described above.
A30: 4) | B30: Natural Gas Interconnection Costs & Description - Build-Transfer and Company Self-Build applications
B31: For projects proposing a Build-Transfer or Company Self-Build Application: State any capital cost estimates for natural gas interconnection that are included on any of the D1 - pricing tabs. Describe the size, length and location of the lateral interconnection and fuel delivery point. Attach a USGS-based map showing the gas pipeline delivery point, the location of any lateral lines, compressors and meters.
B34: Gas Interconnection Capital Costs Included in Form D1 Pricing ($)
A36: 5) | B36: Natural Gas Pressure
B37: Minimum Pressure Required at Gas Interconnection Point (psig)
B38: Maximum Pressure Required at Gas Interconnection Point (psig)
B39: Minimum Pressure Required at Plant Burner Tip (psig)
B40: Gas Delivery Pressure (psig)
B41: Guaranteed by the Interconnecting Pipeline at the Fuel Delivery Point
A43: 6) | B43: Natural Gas Quantities | C43: Summer | D43: Winter
B44: Maximum Daily Consumption for Electrical Generation (MMBtu/day)
B45: Maximum Hourly Consumption for Electrical Generation (MMBtu/hour)
B46: Maximum Daily Consumption for Ancillaries (MMBtu/day)
B47: Maximum Hourly Consumption for Ancillaries (MMBtu/hour)
B49: Describe any ancillary equipment which may utilize natural gas fuel when the facility is off-line and describe who is responsible for the ancillary natural gas usage costs.
A52: 7) | B52: Natural Gas Quality
B53: Select if any of the following pipelines have unacceptable gas quality | H53: Colorado Interstate Gas | I53: Wyoming Interstate Gas | J53: Public Service Company of Colorado
B54: If any, indicate why further below in the "Notes to Fuel Supply". | C54: (select from drop-down)
A56: 8) | B56: Secondary, Non-Hydrogen Fuel Supply (i.e., fuel oil, etc)
B57: If secondary, on-site fuel storage is proposed, describe the fuel type, including quality specifications, quantity, and maximum number of full-load run hours on secondary fuel.
B59: Secondary Fuel On-Site Storage Volume (gallons)
B60: Estimated Net Capability Run Hours On Secondary Fuel (hours)
A62: 9) | B62: Maximum Hydrogen Capability Option (%)
A66: 9) | B66: Hydrogen Fuel Cost Assumption
B69: Year of Operation | C69: $/MMBtu | D69: $/kg
B70: 1
B71: =B70+1 -> 2
B72: =B71+1 -> 3
B73: =B72+1 -> 4
B74: =B73+1 -> 5
B75: =B74+1 -> 6
B76: =B75+1 -> 7
B77: =B76+1 -> 8
B78: =B77+1 -> 9
B79: =B78+1 -> 10
B80: =B79+1 -> 11
B81: =B80+1 -> 12
B82: =B81+1 -> 13
... B109: =B108+1 -> 40
A111: 10) | B111: Hydrogen Storage/Delivery Cost Assumption
B114: Year of Operation | C114: $/mile (pipeline) | D114: $/kg (storage)
B115: 1
B116: =B115+1 -> 2
B117: =B116+1 -> 3
B118: =B117+1 -> 4
B119: =B118+1 -> 5
B120: =B119+1 -> 6
B121: =B120+1 -> 7
B122: =B121+1 -> 8
B123: =B122+1 -> 9
B124: =B123+1 -> 10
B125: =B124+1 -> 11
B126: =B125+1 -> 12
B127: =B126+1 -> 13
... B154: =B153+1 -> 40
A156: 10) | B156: Electrolyzer Technical Characteristics
B157: For hydrogen fuel applications that include an electrolyzer, please provide additional details about the proposed electrolyzer.
B159: Size of Electrolyzer (MW)
B160: Hydrogen Fuel Storage Size
B161: Electrolysis conversion rate (MWh/kg)
A166: 11) | B166: Electrolyzer - Type(s) of Energy Used to Power Electrolyzer
B167: For hydrogen fuel applications that include an electrolyzer, please provide the planned type(s) of energy source(s) that will power the electrolyzer.
B169: Energy Source Type 1 | D169: (select from drop-down)
B170: Energy Source Type 2 | D170: (select from drop-down)
B171: Energy Source Type 3 | D171: (select from drop-down)
B172: Size of Resource Providing Energy Source Type 1 (MW) | D172: MW
B173: Size of Resource Providing Energy Source Type 2 (MW) | D173: MW
B174: Size of Resource Providing Energy Source Type 3 (MW) | D174: MW
B176: If "Other" Fuel Type is selected, please describe:
A179: 12) | B179: Electrolyzer - Additional information about energy supply for electrolyzer
B180: For hydrogen fuel applications that include an electrolyzer, please provide additional details about the proposed electrolyzer.
B183: Size
B184: Hydrogen Fuel Storage Size
B185: Electrolysis conversion rate (MWh/kg)
A188: 13) | B188: Hydrogen Electrolyzer Energy Source Cost Assumption
B189: For hydrogen fuel applications that include an electrolyzer, please provide an estimated cost of energy fueling the electrolyzer for each year that the proposed generator operates. For example, for a hypothetical generator with proposed COD in January 2027, leaving year 1 blank and providing an estimated cost for year 2 in the table below will be interpreted for modeling purposes as the electrolyzer not operating until January 2028.
B191: Year of Generator Operation | C191: Energy Source #1 Cost (Nominal $/MWH) | D191: Energy Source #2 Cost (Nominal $/MWH) | E191: Energy Source #3 Cost (Nominal $/MWH)
B192: 1
B193: =B192+1 -> 2
B194: =B193+1 -> 3
B195: =B194+1 -> 4
...

Sheet Emissions
B1: Emission Rates - Physical Fuel Resources
B2: ='Applicant Info and References'!B2 -> 800 MW Docket
B3: =130-SUM(C3:E3) -> 77 | C3: 25 | D3: 3 | E3: 25
B4: Who Should Complete this Form: This form is intended for all applications proposing black start or commercially operable assets that use one or more physical fuels (i.e., natural gas, fuel oil, hydrogen). The information below provides further detail to prepare for the modeling and evaluation of the attribute matrix approved by the Minnesota PUC on 10/05/2023, including but not limited to information related to attributes 4, 6, 7, 12, 13, 33, 34, 35, 36, 37, 38, 40, and 41. See the instructions below for further details.
B7: General Directions
B8: Provide emission rate information for the proposed generator(s), including fuel requirements for base and supplemental capacity and/or freeze protection. Please complete a new version of this form for each different generator type included in the application.
C10: Generator Make and Model for Emissions Data Below
A12: 1 | B12: Emission Rates on Primary Fuel
C13: Emission Rates at Full Load on Base Capacity (lbs/MMBtu) | E13: Emission Rates at Full Load on Base & Supplemental Capacity (lbs/MMBtu)
B14: Oxides of Sulfur
B15: Oxides of Nitrogen
B16: Carbon Dioxide
B17: Carbon Monoxide
B18: Volatile Organic Compounds
B19: Particulate Matter - PM10
B20: Particulate Matter - PM2.5
B21: Lead
B22: Mercury
B24: Maximum NOx emission rate (in parts per million)
B25: Maximum CO emission rate (in parts per million)
B26: Maximum Permitted/Permittable Annual Capacity Factor (%)
B27: % of Net Capability.
A29: =A12+1 -> 2 | B29: Emission Rates on Secondary Fuel
B30: If applicable. | C30: Emission Rates at Full Load on Base Capacity (lbs/MMBtu) II | E30: Emission Rates at Full Load on Base & Supplemental Capacity (lbs/MMBtu) II
B31: Oxides of Sulfur II
B32: Oxides of Nitrogen II
B33: Carbon Dioxide II
B34: Carbon Monoxide II
B35: Volatile Organic Compounds II
B36: Particulate Matter - PM10 II
B37: Particulate Matter - PM2.5 II
B38: Lead II
B39: Mercury II
B41: Maximum NOx emission rate (in parts per million) II
B42: Maximum CO emission rate (in parts per million) II
B43: Maximum Permitted/Permittable Annual Capacity Factor (%) II
B44: % of Net Capability
A46: =A29+1 -> 3 | B46: Emission Rates on Hydrogen
B47: If applicable. | C47: Emission Rates at Full Load on Base Capacity (lbs/MMBtu) II | E47: Emission Rates at Full Load on Base & Supplemental Capacity (lbs/MMBtu) II
B48: Oxides of Sulfur III
B49: Oxides of Nitrogen III
B50: Carbon Dioxide III
B51: Carbon Monoxide III
B52: Volatile Organic Compounds III
B53: Particulate Matter - PM10 III
B54: Particulate Matter - PM2.5 III
B55: Lead III
B56: Mercury III
B58: Maximum NOx emission rate (in parts per million) III
B59: Maximum CO emission rate (in parts per million) III
B60: Maximum Permitted/Permittable Annual Capacity Factor (%) III
B61: % of Net Capability
A63: 4) | B63: Notes to Emissions

Sheet Addtl Trans and Market Inputs
A1: Additional Transmission and Market Inputs
A2: ='Applicant Info and References'!B2 -> 800 MW Docket
B3: Who Should Complete this Form: This form is intended for all applications. The information below provides further detail to prepare for the modeling and evaluation of the attribute matrix approved by the Minnesota PUC on 10/05/2023, including but not limited to information related to attributes 43-58. See the instructions below for further details.
A7: 1) | B7: Reactive (MVAR) capability curve (D-curve)
B8: For each electric generator or storage asset proposed, include a reactive (MVAR) capability curve (D-Curve), including MW, Min. MVAR, Max. MVAR, and a table including up to 8 MW points (if possible) with associated minimum and maximum MVAR points. Include the maximum sustained leading and lagging (MVAR absorption) capability and any anticipated operational restrictions to the MVAR capability curve.
C9: Name of File containing D-Curve
B10: Proposed Generation Unit 1
B11: Proposed Generation Unit 2
B12: Proposed Generation Unit 3
B13: Proposed Generation Unit 4
A16: 2) | B16: Evidence of Dynamic Voltage Support
B17: Please provide a .dyr file and any supporting user defined model files with your application or your resource will be assumed not to be able to provide dynamic voltage support.
C18: Name of Applicable .dyr file(s) and user defined model file(s) demonstrating dynamic voltage support.
B19: Proposed Generation Unit 1
B20: Proposed Generation Unit 2
B21: Proposed Generation Unit 3
B22: Proposed Generation Unit 4
A25: 3) | B25: Essential Reliability Services - Identification of Regulation Qualified Resources
B26: Please idenitfy whether each generator or storage asset proposed in the application has the following capabilities, as described further in MISO BPM-002 Section 4.2.1.1.
D28: Proposed Generation Unit 1 | E28: Proposed Generation Unit 2 | F28: Proposed Generation Unit 3 | G28: Proposed Generation Unit 4
C29: Have the appropriate control equipment capable of providing Regulation Service. | H29: (select from drop-down)
B30: Be capable of supplying Regulation Service in either the up or down direction within the Regulation Response Time. | H30: (select from drop-down)
C31: Be capable of supplying Regulation Service for a continuous duration of 60 minutes. | H31: (select from drop-down)
B32: Be capable of automatically responding to and mitigating frequency deviations via a speed governor or similar device. | H32: (select from drop-down)
B33: Be capable of receiving and responding to automatic control signals on a 4 second periodicity, and providing telemetered output data that can be scanned every 2 seconds. | H33: (select from drop-down)
A37: 4) | B37: Essential Reliability Services - Identification of Spin Qualified Resources
B38: Please identify whether each generator or storage asset proposed in the application has the following capabilities, as described further in MISO BPM-002 Section 4.2.1.2.
D40: Proposed Generation Unit 1 | E40: Proposed Generation Unit 2 | F40: Proposed Generation Unit 3 | G40: Proposed Generation Unit 4
B41: Be capable of deploying 100% of their cleared Spinning Reserve (including any Spinning Reserve cleared to meet Supplemental Reserve Requirements) within the Contingency Reserve Deployment Period. | H41: (select from drop-down)
B42: Be capable of deploying 100% of their cleared Spinning Reserve for a continuous duration of 60 minutes. | H42: (select from drop-down)
B43: Be capable of providing telemetered output data that can be scanned every 10 seconds. | H43: (select from drop-down)
A46: 5) | B46: Flexibility - Identification of Supplemental Qualified Resources
B47: Please identify whether each generator or storage asset proposed in the application has the following capabilities, as described further in MISO BPM-002 Section 4.2.1.3. Some requirements for On-Line Short-Term Reserve Resources have already been asked in prior questions; only the additional questions remain.
D49: Proposed Generation Unit 1 | E49: Proposed Generation Unit 2 | F49: Proposed Generation Unit 3 | G49: Proposed Generation Unit 4
B50: Have a Minimum Run Time less than or equal to three hours if a Quick-Start Resource. | H50: (select from drop-down)
B51: Be capable of deploying 100% of their cleared Supplemental Reserve within the Contingency Reserve Deployment Period. | H51: (select from drop-down)
B52: Be capable of deploying 100% of their cleared Supplemental Reserve for a continuous duration of 60 minutes. | H52: (select from drop-down)
A55: 6) | B55: Flexibility - Identification of Ramp Capability Resources
B56: Please identify whether each generator or storage asset proposed in the application has the following capabilities, as described further in MISO BPM-002 Section 4.2.1.4.
D58: Proposed Generation Unit 1 | E58: Proposed Generation Unit 2 | F58: Proposed Generation Unit 3 | G58: Proposed Generation Unit 4
B59: Capability of providing ramp in both directions | H59: (select from drop-down)
B60: Not a Dispatchable Intermittent Resource as defined in MISO BPM-002 Section 4.2.10.11 | H60: (select from drop-down)
A63: 7) | B63: Flexibility - Identification of On-line Short-Term Reserve Resources
B64: Please identify whether each generator or storage asset proposed in the application has the following capabilities, as described further in MISO BPM-002 Section 4.2.1.5. Some requirements for On-Line Short-Term Reserve Resources have already been asked in prior questions; only the additional questions remain.
D66: Proposed Generation Unit 1 | E66: Proposed Generation Unit 2 | F66: Proposed Generation Unit 3 | G66: Proposed Generation Unit 4
B67: Be capable of deploying 100% of their cleared Short-Term Reserve for a continuous duration of 60 minutes. | H67: (select from drop-down)
A71: 8) | B71: Flexibility - Identification of Off-line Short-Term Reserve Resources
B72: Please identify whether each generator or storage asset proposed in the application has the following capabilities, as described further in MISO BPM-002 Section 4.2.1.5. Some requirements for Off-Line Short-Term Reserve Resources have already been asked in prior questions; only the additional questions remain.
D74: Proposed Generation Unit 1 | E74: Proposed Generation Unit 2 | F74: Proposed Generation Unit 3 | G74: Proposed Generation Unit 4
B75: Have a Minimum Run Time of Less than or equal to four hours.
B76: Be capable of deploying 100% of their cleared Short-Term Reserve within the Short-Term Reserve Deployment Period.
A79: 9) | B79: Flexibility - Identification of Fast-Start Resources
B80: Please identify whether each generator or storage asset proposed in the application meets the defintion of a Fast-Start Resource as per the MISO Tariff:
B82: An online Generation Resource that is started, synchronized and injects Energy, or a Demand Response Resource that reduces its Energy consumption, within sixty (60) minutes of being notified and that has a minimum run time of one hour or less … A Fast-Start Resource does not include fuel-limited resources such as pumped storage, Electric Storage Resources, run-of-river hydro, and wind resources.
D85: Proposed Generation Unit 1 | E85: Proposed Generation Unit 2 | F85: Proposed Generation Unit 3 | G85: Proposed Generation Unit 4
B86: Meets definition of Fast Start Resource | H86: (select from drop-down)
A88: 10) | B88: Flexibility - Identification of Fast-Ramping Resources
B89: Please identify whether each generator or storage asset proposed in the application meets the defintion of a Fast-Ramping Resource as per the MISO Tariff:
B90: A Generation Resource that: (1) meets the qualification criteria of having a: (i) ramp rate greater than eighty (80) MW per minute; (ii) Fast Ramping Resource Performance Score that meets or exceeds the Fast Ramping Resource Performance Threshold when responding to regulation signals in Fast Ramping Resource Performance Tests; and (iii) duration greater than 20 minutes or more for Use Limited Resources.
D93: Proposed Generation Unit 1 | E93: Proposed Generation Unit 2 | F93: Proposed Generation Unit 3 | G93: Proposed Generation Unit 4
B94: Meets definition of Fast Ramping Resource | H94: (select from drop-down)
A98: 10) | B98: Inverter Capabilities - Solar, Wind and Storage projects only
B99: For applications proposing a solar, wind, or storage component, confirm the capabilities of the proposed inverters. Applications that do not propose a wind, solar, or battery project may skip this section.
C102: Available Inverter Capabiities | D102: Solar | E102: Wind | F102: Storage | G102: File Names of Technical Data
C103: Grid Following? (Yes/No) If yes, provide technical data files on the inverters & list the file name(s) provided.
C104: Grid Forming? (Yes/No) If yes, provide technical data describing the grid forming features and list the file name(s) provided.
C105: Dynamic Grid Voltage (VAR) Support when real power output = 0? (Yes / No) Provide supporting technical data such as the inverter real vs reactive power output curves or re
C106: Dynamic Grid Frequency support capability? (Yes / No). If yes, provide supporting technical data on the inverters frequency support capabilities and list the file name(s) provided.
C107: Black Start Capability? (Yes / No). If yes, provide Black Start Capability technical data.
A110: 11) | B110: Additional Flexibility Parameters
B111: For applications proposing a solar, wind, or storage component, confirm the capabilities of the proposed inverters. Applications that do not propose a wind, solar, or battery project may skip this section.
C114: Available Inverter Capabiities | D114: Solar | E114: Wind | F114: Storage | G114: File Names of Technical Data
C115: Grid Following? (Yes/No) If yes, provide technical data files on the inverters & list the file name(s) provided.
C116: Grid Forming? (Yes/No) If yes, provide technical data describing the grid forming features and list the file name(s) provided.
C117: Dynamic Grid Voltage (VAR) Support when real power output = 0? (Yes / No) Provide supporting technical data such as the inverter real vs reactive power output curves or re
C118: Dynamic Grid Frequency support capability? (Yes / No). If yes, provide supporting technical data on the inverters frequency support capabilities and list the file name(s) provided.
C119: Black Start Capability? (Yes / No). If yes, provide Black Start Capability technical data.
B122: Notes to Transmission and Market Inputs - Include any notes about the questions above
A123: 12)

Sheet Interconnections, New POIs
A1: Interconnection Details - Option 2 (New Interconnection in MISO Zone 1)
A2: ='Applicant Info and References'!B2 -> 800 MW Docket
B3: Who Should Complete this Form: This form is required for all applications that will have a new point of interconnection with MISO. Please see the form called "Interconnection Reuse" for other types of interconnection involving existing points of interconnection with MISO. The information below aids in verification of Attribute 2: the application is transmission-interconnected, Attribute 3: that the commercially-operable portion of any application interconnects in MISO Zone 1 with an uninterrupted interconnection path to MISO Load, Attribute 4, and the accredited capacity used in Attributes 12 and 38. These are attributes in the matrix approved by the MPUC on 10/05/2023.
A7: 1) | B7: Project Information
B8: Project Name
B9: Project MW (AC) for interconnection request
B10: Project Description
B11: What is the projects's proposed Commercial Operating Date
A13: 2) | B13: Generator Interconnection Request Information
B14: MISO Project Number(s)
B15: Definitive Planning Stage ("DPP") Cycle
B16: Amount of Energy Resource Interconnection Service requested (MW)
B17: Amount of Network Resource Interconnection Service requested (MW)
A19: 3) | B19: Generator Interconnection Study or Agreement Information
B20: Interconnection Study: MISO Study Status and expected completion date
B21: Interconnection Agreement: GIA Execution Date
B22: Interconnection Agreement: Is the GIA Execution Date actual or expected?
B23: Generator feeder transmission line status (routing, permitting, etc.)
B24: Submit copies of all existing/completed System Impact Studies, Restudies, or Facility Studies and provide the file names here.
B25: Provide copies of Facility Construction Agreements or Multi-Party Facilities Construction Agreement(s)
A27: 4) | B27: Project Transmission Information
B28: Location of Point of Interconnection (including substation name)
B29: Interconnection voltage (kV)
B30: Location of Point of Delivery, if different than Point of Interconnection (POI)
B31: Transmission Owner at Point of Interconnection
A33: 5) | B33: Project Congestion/Curtailment Information
B34: Provide any analysis performed regarding projected congestion at the project POD
B35: Provide any analysis performed regarding projected curtailment at the project POD

Sheet Interconnections, Existing POIs
A1: Interconnection Details - Option 3 (Existing MISO Point of Interconnection "POI")
A2: ='Applicant Info and References'!B2 -> 800 MW Docket
B3: Who Should Complete this Form: This form is intended for two main types of applications: 1) applications that plan to continue operation at an existing MISO POI without modification; and 2) applications that propose to reuse an interconnection with MISO for Repowering existing Generating Facilities, Replacing an existing Generating Facility or adding Surplus Interconnection Service to an existing Generating Facilty. Applications proposing surplus interconnections or generator replacement should please see MISO BPM 015 - Generation Interconnection for additional information about interconnection reuse. The information below aids in verification of Attribute 2: the application is transmission-interconnected, Attribute 3: that the commercially-operable portion of any application interconnects in MISO Zone 1 with an uninterrupted interconnection path to MISO Load, Attribute 4, and the accredited capacity used in Attributes 12 and 38. These are attributes in the matrix approved by the MPUC on 10/05/2023.
A6: 1) | B6: Project Information - all projects
B7: Project Name
B8: Project Type (i.e. Repower - Replacement or modification of existing generation facility with same generation types, Replacement of existing facility, but with modified fuel type, Surplus (new resource added to existing generation facility), or continued operation at an existing MISO POI without modification) | D8: (select from drop-down)
B9: Project MW (AC)
B10: Project Description
B11: What is the projects's proposed Commercial Operating Date
A13: 2) | B13: Existing Generation - all project types
B14: Existing Generating Facility Name
B15: Existing Generating Facilty Gross and Net MW Capability
B16: Existing Generating Facilty Fuel Type
B17: Is the Existing Generating Facility operating under a MISO Generator Interconnection Agreement (GIA) or as Grandfathered Unit? | D17: (select from drop-down)
B18: If the Existing Generating Facility has a MISO GIA, provide the CPNode(s) for the Facility, MISO Project Number and a copy of the MISO GIA (provide file name & CP Node names here)
B19: If Existing Generating Facility is operating as a Grandfathered Facility provide the CPNode(s) for the Facility and a copy of the GIA if any (provide file name here).
B20: Amount of Energy Resource Interconnection Service granted (MW) to Existing Generator
B21: Amount of Network Resource Interconnection Service granted (MW) to Existing Generator
B22: Point of Interconnection Including voltage
B23: Transmission Owner at Point of Interconnection
B24: Does Applicant (the party proposing the 800 MW project application) also own the Existing Generating Facility? | D24: (select from drop-down)
B25: Owner of Existing Generating Facility if not Applicant
B26: Note: If applicant is not the owner of the Existing Generating Facilty, applicant to provide executed agreements with Existing Generating Facilty Owner allowing or consenting to proposed reuse of the facility.
B27: Are there any other offtakers at the POI that are not already included in one of the answers above? | D27: (select from drop-down)
B28: If there are other offtaker in the immediately prior question, please list and describe the additional offtakers here.
A30: 3) | B30: Generator Interconnection Request Information for Reuse of Interconnection (Surplus, Repower, and Replacement projects only)
B31: MISO Project Number(s) for Reuse Project Request
B32: Amount of Energy Resource Interconnection Service requested (MW)
B33: Amount of Network Resource Interconnection Service requested (MW)
B34: Fuel Type Requested
B35: Point of Interconnection Including substation name and voltage
B36: Location of Point of Delivery, if different than Point of Interconnection (POI)
B37: Transmission Owner at Point of Interconnection
A39: 4) | B39: Generator Interconnection Study or Agreement Information - all project types
B40: Interconnection Study: MISO Study Request Date
B41: Interconnection Study: MISO Study Status (ongoing or expected completion date)
B42: Interconnection Agreement: GIA Execution Date (please designate whether it is actual or expected)
B43: Does reuse project require new transmission line to reach Point of Interconnection? If so provide transmission line status (routing, permitting, etc.)
B44: Provide copies of all existing/completed Interconnection Studies and Facility Studies
A46: 5) | B46: Project Congestion/Curtailment Information - all project types
B47: Provide any analysis performed regarding projected congestion at the project POD
B48: Provide any analysis performed regarding projected curtailment at the project POD
A50: 6) | B50: Notes to Delivery Option - Include detailed plans for route, design, regulatory approval, and permitting information for the transmission facilities delivery option in your response to 5).

Sheet BT,SB Tech Specs Excepts
A1: Exceptions to Technical Specifications (Build-Transfer)
A2: ='Applicant Info and References'!B2 -> 800 MW Docket
A4: Who Should Complete this Form: This form is intended for all build-transfer applications, for the commercially-operable portion of the project only (not any separate generation that solely serves as a black start generating unit). The information below is related to Attributes 7 and 10 in the attribute matrix approved by the MPUC on 10/05/2023.
A7: If the space below is insufficient, please enclose additional documentation to proposal, titled "Exceptions or Proposed Alternatives to Technical Specifications".
A10: Specific Section of Technical Specification where Exception is Taken | B10: Exception Description | F10: Reason for Exception | J10: Is it Possible to Meet Specification, but would require a change in the price from what is currently proposed? (Y/N)

Sheet Capacity Accreditation
A1: Capacity Accreditation - Renewables and Storage
A2: ='Applicant Info and References'!B2 -> 800 MW Docket
B3: Who Should Complete this Form: This form is intended for all applications. The information below provides further detail to prepare for the modeling and evaluation of the attribute matrix approved by the Minnesota PUC on 10/05/2023, including but not limited to information related to attributes 8, 11, 12, 36, 38, 40, and 41. See the instructions below for further details.
A7: 1) | B7: Wind, Solar, and Run-of-River Hydro Accreditation - New Resources
B8: For the purposes of capacity accreditation, provide a profile of hourly expected energy production for a typical year (AC MWh).
B10: Expected Hourly Production for Typical Year (AC MWh)
C11: Hour
B12: Day | C12: 1 | D12: 2 | E12: 3 | F12: 4 | G12: 5 | H12: 6 | I12: 7 | J12: 8 | K12: 9 | L12: 10 | M12: 11 | N12: 12 | O12: 13 | P12: 14 | Q12: 15 | R12: 16 | S12: 17 | T12: 18 | U12: 19 | V12: 20 | W12: 21 | X12: 22 | Y12: 23 | Z12: 24
B13: 1
B14: 2
B15: 3
B16: 4
B17: 5
B18: 6
B19: 7
B20: 8
B21: 9
B22: 10
B23: 11
B24: 12
... B377: 365
A380: 2) | B380: Wind, Solar, and Run-of-River Hydro Accreditation - Existing Resources
B381: Provide 5 years of hourly energy production data (or if in operation for less than 5 years, all hourly energy production since COD) of hourly energy production data. Provide the file name(s) below. If the application proposes adding a new resource onto an existing wind, run-of-river hydro, or solar asset, provide the existing wind, run-of-river hydro, or solar asset's historical hourly generation.
C382: Name of Applicable file name(s) of historical hourly energy production.
A386: 3) | B386: Estimated Annual Curtailment (% of Gross Annual Generation):
A388: 4) | B388: Storage Accreditation
B389: Confirm that the following statement on capacity accreditation has been read:
B391: "Capacity accreditation for battery energy storage systems (BESS) will be reflective of utilization to meet capacity needs (i.e., resource adequacy) for each
B392: MISO season".
C394: Applicant is aware of how the Company will assume BESS utilization for purposes of capacity accreditation.

Sheet Intermittent Resource Flex.
A1: Intermittent Resource Flexibility
A2: ='Applicant Info and References'!B2 -> 800 MW Docket
B3: Who Should Complete this Form: This form is intended for two types of applications: 1) applications proposing new solar, wind, run-of-river hydro; and 2) applications proposing existing solar, wind, run-of-river hydro. The information below provides further detail to prepare for the modeling and evaluation of the attribute matrix approved by the Minnesota PUC on 10/05/2023, including but not limited to information related to attributes 43-47. See the instructions below for more details.
A7: 1) | B7: Flexibility Parameters - Existing Wind, Solar, Run-of-River Hydro
B8: Provide the flexibility parameters below. Provide any notes or explanation in the Notes section below. Please note that hybrid applications - those containing more than one component - should provide flexibility parameters here for wind, solar, and run-of-river hydro here and for the BESS part of the proposal on the TechDesc tab.
B10: Ramp Rate Up (MW/min)
B11: Ramp Rate Down (MW/min)
B12: Ramp Rate Bi-direction (MW/min)
B13: Start Time (minutes)
B14: Notification Time needed before Start (minutes)
B15: Minimum Run Time (minutes)
B16: Ability to curtail? | D16: (select from drop-down)
B17: Is resource capable of release for remote AGC over full range of operation? | D17: (select from drop-down)
B18: If AGC capable, time from notification of dispatch until release for remote AGC over full range of operation (minutes)
A21: 2) | B21: Flexibility Parameters - New Wind, Solar, Run-of-River Hydro
B22: Provide the flexibility parameters below. Provide any notes or explanation in the Notes section below. Please note that hybrid applications - those containing more than one component - should provide flexibility parameters here for wind, solar, and run-of-river hydro here and for the BESS part of the proposal on the TechDesc tab.
B24: Indicate whether project will be registered in MISO as Dispatchable Intermittent Resource? | D24: (select from drop-down)
B25: Controllable Ramp Rate Up (MW/min)
B26: Controllable Ramp Rate Down (MW/min)
B27: Ramp Rate Bi-direction (MW/min)
B28: Time from notification of dispatch until release for remote AGC over full range of operation (minutes)
B29: Notification Time needed before Start (minutes)
B30: Minimum Run Time (minutes)
B32: Notes to Additional Flexibility Inputs - Include any notes about the questions above
A33: 12)

Sheet Creditworthiness
A1: Project Financing, Credit Worthiness, and Legal Claims
A2: ='Applicant Info and References'!B2 -> 800 MW Docket
B3: Who Should Complete this Form: This form is intended for all applications. The information below provides further detail to prepare for the modeling and evaluation of the attribute matrix approved by the Minnesota PUC on 10/05/2023, including but not limited to information related to attribute 59. See the instructions below for more details.
A6: 1) | B6: Project Financing
B8: Confirm the Applicant's type of organization (Corporation, Partnership, etc)
B9: Describe the financial and legal organizational structure including any subsidiaries. In addition please enclose an ownership structure showing the legal name and the percentage of ownership of each owner.
B10: Describe the financing or funding plan, equity participants and any project financing guarantees, including but not limited to any form agreement(s) utilized in similar past transactions. Include any financing requirements and an indicative financing structure (construction and permanent). Describe how current financial markets are likely to impact ability to access the debt and tax equity markets.
B11: Disclose any threshold requirements that must be met prior to having access to the various components of the financing or funding plan described above.
B12: Do you foresee any issues in obtaining and maintaining a security fund per the requirements described in the applicable NSP Model Term Sheet (Build-Transfer applications) or NSP Model Power Purchase Agreement?
B13: Please identify the guarantor
B14: Provide the current credit rating of the guarantor.
B15: Is the guarantor on credit watch?
A17: 2) | B17: Credit Worthiness
B19: Provide three of your most recent audited annual reviews with financial statements in either a standalone pdf format and/or website link including any relevant supplemental financial information. If you are unable to provide these, what can you provide to demonstrate credit worthiness?
B21: Describe any credit issues (e.g. bankruptcy, events of default, etc.) for any participant who will have a more than a 20% share of the equity position in the project.
A23: 3) | B23: Legal Claims
B25: Disclose any past, current, or anticipated future litigation related to projects owned, developed, or managed by the applicant or any of its affiliates or predecessors in the United States.
B27: Demand Response: List any Regional Transmission Operator (RTO) or Independent System Operator (ISO) approved by the Federal Energy Regulatory Commission that the applicant is currently banned or has been banned from doing business in.

Sheet Warranties, 1Line
B1: Warranties, One-Line Diagram
B2: ='Applicant Info and References'!B2 -> 800 MW Docket
B3: Who Should Complete this Form: This form is intended for new generation resources, either being constructed at greenfield sites or replacing or substantially modifying other generation previously existing in a given location. The information below provides further detail to prepare for the modeling and evaluation of the attribute matrix approved by the Minnesota PUC on 10/05/2023, including but not limited to information related to attributes 8, 11, 12, 37, 38, 40, 41. See the instructions below for more details.
A7: 1) | B7: Identify each major equipment Contractor and attach all corresponding warranties with the application. List the file names of each attachments.
A11: 2) | B11: Battery Energy Storage System (BESS) Degradation: For applications containing a BESS component, provide references, including file name and location in the application materials, of any attached correction or degradation curves.
A15: 3) | B15: PV Array Degradation: For applications containing a solar PV resource, provide references, including file name and location in the bid materials, of any attached correction or degradation curves.
A19: 4) | B19: Attach a one-line diagram for the proposed facility with the proposal. Provide the name of the included attachment and any additional notes below.
